 Dungeon Crawl Stone Soup version 0.31-a0-1370-gf52a5a9ab3 (webtiles) character file.

Game seed: 7745233957521133120

2016398 MackTheKnife the Conqueror (level 24, 289/289 (295) HPs)
             Began as an Oni Chaos Knight on Dec 22, 2023.
             Was the Champion of Jiyva.
             Escaped with the Orb
             ... and 3 runes
             ... and 3 gems on Dec 23, 2023!
             The game lasted 01:34:02 (58512 turns).

MackTheKnife the Conqueror (Oni Chaos Knight)      Turns: 58512, Time: 01:34:03

HP:   289/289 (295) AC: 22    Str: 34    XL:     24   Next: 80%
MP:   23/23         EV: 21    Int: 16    God:    Jiyva [******]
Gold: 2349          SH: 24    Dex: 17    Spells: 23/23 levels left

rFire   + . .        v - +9 broad axe (freeze) {axe}
rCold   + + .        T - +2 tower shield {reflect}
rNeg    . . .        L - +3 swamp dragon scales
rPois   +            (helmet restricted)
rElec   +            p - scarf {rC+ rF+}
rCorr   +            (gloves unavailable)
SInv    +            (boots unavailable)
Will    +++..        Q - amulet of Rokhioll {RegenMP ^Fragile rElec Will+ Dex+5}
Stlth   +            n - ring of Intercession {rElec EV+5 Str+4}
HPRegen 2.28/turn    S - ring "Mydol" {AC+4 Str+3 Int+7}
MPRegen 1.38/turn

%: reflection
@: studying Polearms, lightly drained
A: large, unfitting armour, horns 1, tough skin 1, double potion healing,
drunken brawling, iridescent scales 1, see invisible, cold resistance 1, dopey
2, eyeballs 1, gelatinous body 2, tendrils, no potion heal 1
0: Orb of Zot
}: 3/15 runes: barnacled, slimy, gossamer
a: Renounce Religion, Oozemancy, Slimify


You escaped.
You worshipped Jiyva.
Jiyva was exalted by your worship.
You visited 11 branches of the dungeon, and saw 52 of its levels.
You visited the Abyss 1 time.
You also visited: Sewer, Bailey and Ice Cave.

You collected 5087 gold pieces.
You spent 2738 gold pieces at shops.


Innate Abilities, Weirdness & Mutations

You are too large for most types of armour.
You have a pair of small horns on your head.
You have tough skin. (AC +1)
You gain doubled healing and magic from potions.
Whenever you drink a healing potion, you attack all around you.
You are partially covered in iridescent scales. (AC +2)
You have supernaturally acute eyesight. (SInv)
Your flesh is cold resistant. (rC+)
You are very dopey. (Int -4)
Your body has grown eyes which may confuse attackers. (Acc +3)
Your pliable body absorbs attacks. (AC +2, EV +2)
You are covered in slimy tendrils that may disarm your opponents.
Potions are less effective at restoring your health.


   Skills:
 O Level 27 Fighting
 + Level 21.8 Axes
 - Level 3.1(14.7) Maces & Flails
 - Level 12.0 Armour
 - Level 10.0 Dodging
 - Level 20.0 Shields
 + Level 12.8 Evocations


You had 23 spell levels left.
You didn't know any spells.
Your spell library contained the following spells:

 Spells                   Type           Power      Damage    Failure   Level
 Apportation              Tloc           0%         N/A       43%         1
 Kiss of Death            Conj/Necr      0%         2d5       43%         1
 Magic Dart               Conj           0%         1d3       43%         1
 Necrotise                Necr           0%         1d4       43%         1
 Sandblast                Erth           0%         2d4       43%         1
 Shock                    Conj/Air       0%         1d3       43%         1
 Slow                     Hex            0%         N/A       43%         1
 Summon Small Mammal      Summ           0%         N/A       43%         1
 Cigotuvi's Dreadful Rot  Necr/Alch/Air  0%         N/A       56%         2
 Ensorcelled Hibernation  Hex/Ice        0%         N/A       56%         2
 Jinxbite                 Hex            0%         N/A       56%         2
 Lesser Beckoning         Tloc           0%         N/A       56%         2
 Mercury Vapours          Alch/Air       0%         N/A       56%         2
 Momentum Strike          Conj/Tloc      0%         3d8       56%         2
 Passwall                 Alch/Erth      0%         N/A       56%         2
 Searing Ray              Conj           0%         2d4       56%         2
 Static Discharge         Conj/Air       0%         3-3/arc   56%         2
 Sublimation of Blood     Necr           0%         N/A       56%         2
 Call Canine Familiar     Summ           0%         N/A       80%         3
 Confusing Touch          Hex            0%         N/A       80%         3
 Gell's Gravitas          Tloc           0%         N/A       80%         3
 Hailstorm                Conj/Ice       0%         3d5       80%         3
 Inner Flame              Hex/Fire       0%         N/A       80%         3
 Sigil of Binding         Hex            0%         N/A       80%         3
 Stone Arrow              Conj/Erth      0%         3d7       80%         3
 Summon Guardian Golem    Hex/Summ       0%         N/A       80%         3
 Swiftness                Air            0%         N/A       80%         3
 Teleport Other           Tloc           0%         N/A       80%         3
 Vampiric Draining        Necr           0%         2d6       80%         3
 Volatile Blastmotes      Fire/Tloc      0%         2d10      80%         3
 Airstrike                Air            0%         2d(0-16)  99%         4
 Animate Armour           Summ/Erth      0%         N/A       99%         4
 Brom's Barrelling Bould  Conj/Erth      0%         2d3       99%         4
 Dimensional Bullseye     Hex/Tloc       0%         N/A       99%         4
 Flame Wave               Conj/Fire      0%         2d4       99%         4
 Fulminant Prism          Conj/Alch      0%         3d5       99%         4
 Ignite Poison            Fire/Alch      0%         N/A       99%         4
 Leda's Liquefaction      Alch/Erth      0%         N/A       99%         4
 Manifold Assault         Tloc           0%         N/A       99%         4
 Passage of Golubria      Tloc           0%         N/A       99%         4
 Sticky Flame             Fire/Alch      0%         2d4       99%         4
 Summon Ice Beast         Ice/Summ       0%         N/A       99%         4
 Summon Lightning Spire   Summ/Air       0%         N/A       99%         4
 Vhi's Electric Charge    Tloc/Air       0%         N/A       99%         4
 Arcjolt                  Conj/Air       0%         1d10      100%        5
 Freezing Cloud           Conj/Ice/Air   0%         6-21      100%        5
 Iskenderun's Battlesphe  Conj           0%         2d6       100%        5
 Lee's Rapid Deconstruct  Erth           0%         3d4*      100%        5
 Metabolic Englaciation   Hex/Ice        0%         N/A       100%        5
 Summon Forest            Summ/Tloc      0%         N/A       100%        5
 Summon Mana Viper        Hex/Summ       0%         N/A       100%        5
 Yara's Violent Unravell  Hex/Alch       0%         3d3       100%        5
 Bombard                  Conj/Erth      0%         9d1       100%        6
 Dispersal                Tloc           0%         N/A       100%        6
 Plasma Beam              Fire/Air       0%         2x1d10    100%        6
 Simulacrum               Ice/Necr       0%         N/A       100%        6
 Summon Cactus Giant      Summ           0%         N/A       100%        6
 Enfeeble                 Hex            0%         N/A       100%        7
 Malign Gateway           Summ/Tloc      0%         N/A       100%        7
 Ozocubu's Refrigeration  Ice            0%         4d7       100%        7
 Spellforged Servitor     Conj/Summ      0%         N/A       100%        7
 Disjunction              Tloc           0%         N/A       100%        8
 Summon Horrible Things   Summ           0%         N/A       100%        8

Inventory:

Hand Weapons
 v - a +9 broad axe of freezing (weapon) {axe}
   (You found it on level 3 of the Dungeon)
Missiles
 o - 6 curare-tipped darts (quivered) {=fthrowing}
Armour
 h - the +1 cloak of Daeschir {rPois SInv}
   (You bought it in a shop on level 11 of the Dungeon)

   rPois:     It protects you from poison SInv: It lets you see invisible.
 p - a scarf of resistance (worn)
   (You found it on level 3 of the Spider Nest)
 L - +3 swamp dragon scales (worn)
   (You took it off Maggie on level 1 of the Lair of Beasts)
 T - a +2 tower shield of reflection (worn)
   (You found it on level 3 of the Shoals)
Jewellery
 d - a ring of flight
   (You found it on level 8 of the Dungeon)
 n - the ring of Intercession (left hand) {rElec EV+5 Str+4}
   (You found it on level 3 of the Spider Nest)

   [ring of evasion]

   EV+5:      It affects your evasion (+5).
   Str+4:     It affects your strength (+4).
   rElec:     It insulates you from electricity.
 q - the ring of Zono {rC+ AC+4}
   (You found it on level 1 of the Orcish Mines)

   [ring of protection]

   AC+4:      It affects your AC (+4).
   rC+:       It protects you from cold.
 A - the ring "Otigymoq" {rN+ Str+3 Int+3 Dex+3}
   (You found it on level 5 of the Pits of Slime)

   [ring of positive energy]

   Str+3:     It affects your strength (+3).
   Int+3:     It affects your intelligence (+3).
   Dex+3:     It affects your dexterity (+3).
   rN+:       It protects you from negative energy.
 G - the ring of the Firefly {rC+ rN+}
   (You found it on level 1 of the Realm of Zot)

   [ring of positive energy]

   rC+:       It protects you from cold.
   rN+:       It protects you from negative energy.
 Q - the amulet of Rokhioll (around neck) {RegenMP ^Fragile rElec Will+ Dex+5}
   (You acquired it on level 1 of the Vaults)

   [amulet of magic regeneration]

   RegenMP:   It increases your rate of magic regeneration.
   Dex+5:     It affects your dexterity (+5).
   rElec:     It insulates you from electricity.
   Will+:     It increases your willpower.
   ^Fragile:  It will be destroyed if unequipped.
 S - the ring "Mydol" (right hand) {AC+4 Str+3 Int+7}
   (You took it off a deep elf death mage on level 3 of the Elven Halls)

   [ring of protection]

   AC+4:      It affects your AC (+4).
   Str+3:     It affects your strength (+3).
   Int+7:     It affects your intelligence (+7).
 X - the ring of Rosyarph {rF+ Str-3 Int+6 Dex+3 Stlth+}
   (You found it on level 3 of the Shoals)

   [ring of intelligence]

   Str-3:     It affects your strength (-3).
   Int+6:     It affects your intelligence (+6).
   Dex+3:     It affects your dexterity (+3).
   rF+:       It protects you from fire.
   Stlth+:    It makes you more stealthy.
Wands
 t - a wand of paralysis (31)
   (You found it on level 4 of the Dungeon)
 B - a wand of flame (55)
   (You found it on level 12 of the Dungeon)
 D - a wand of polymorph (7)
   (You found it on level 3 of the Lair of Beasts)
 H - a wand of iceblast (20)
   (Xom gifted it to you on level 10 of the Dungeon)
 J - a wand of digging (1)
   (You found it on level 11 of the Dungeon)
 R - a wand of mindburst (10)
   (You found it on level 12 of the Dungeon)
Scrolls
 a - 6 scrolls of fog
 c - 5 scrolls of butterflies
 j - 4 scrolls of blinking {!r}
 m - 3 scrolls of fear
 w - 25 scrolls of identify {@r1}
 x - 12 scrolls of teleportation {@r4}
 F - a scroll of torment {!r}
 M - a scroll of brand weapon
 N - 6 scrolls of vulnerability {!r!r}
 P - 11 scrolls of immolation {!r!r}
 U - 2 scrolls of poison
Potions
 b - 3 potions of invisibility
 e - 18 potions of heal wounds {@q2}
 f - 3 potions of might
 g - 5 potions of attraction {!q}
 i - 15 potions of curing {@q1}
 k - 9 potions of brilliance
 l - 4 potions of haste {@q3}
 r - 2 potions of resistance
 z - 3 potions of magic
 C - 7 potions of ambrosia
 K - 5 potions of enlightenment
 W - 2 potions of berserk rage {!q}
Miscellaneous
 s - a box of beasts
   (Xom gifted it to you on level 3 of the Spider Nest)
 y - a phantom mirror
   (You found it in a bailey)
 E - a lightning rod (4/4)
   (You found it on level 3 of the Lair of Beasts)
 I - a condenser vane
   (You found it on level 13 of the Dungeon)
 V - a phial of floods
   (You found it in an ice cave)

Dungeon Overview and Level Annotations

Branches:
Dungeon (15/15)            Temple (1/1) D:5            Lair (5/5) D:11
 Shoals (4/4) Lair:3       Spider (4/4) Lair:2        Slime (5/5) Lair:4
    Orc (2/2) D:11            Elf (3/3) Orc:2        Vaults (4/5) D:14
  Crypt (0/3) Vaults:3     Depths (4/4) D:15            Zot (5/5) Depths:4
  Sewer (visited)          Bailey (visited)           IceCv (visited)

Altars:
Ashenzari
Cheibriados
Dithmenos
Elyvilon
Fedhas
Gozag
Hepliaklqana
Kikubaaqudgha
Makhleb
Nemelex Xobeh
Okawaru
Qazlal
Ru
Sif Muna
Trog
Uskayaw
Vehumet
Wu Jian
Xom
Yredelemnul
Zin
The Shining One
Jiyva

Shops:
D:5 [   D:6 ?*!!   D:11 [   Orc:1 !   Orc:2 [!=[   Elf:2 :   Elf:3 (:=:
Shoals:3 [=(!?(   Vaults:1 *   Vaults:3 [   Vaults:4 ?

Portals:
Hell: Depths:1
Abyss: Depths:3
Pandemonium: Depths:3
Ziggurat: Depths:1

Annotations:
D:1 Natasha
D:8 1 runed translucent door
D:10 exclusion: hydra
Slime:5 Royal Jelly
Elf:1 3 runed translucent doors, Milesaru's ghost, adept DsNe
Vaults:1 1 runed translucent door, Kamets Paeg's ghost, master HuCj

#....##.######.#............#
#....##.# #.#............#
#....##.################'##.#
#....##...#...#...#...#...#.#
#....####.#...'...#...'.⌠.#.#
..........#...#...#...#...#.#
#......#####'###########+##.#
#......# #...#...#...#...#.#
######## #.⌠.'.@.'.⌠.#...#.#
......# #...#.h.#...#...#.#
#####.## ##'###5#######'##.#
# #..####...#...#...#...#.# #
#.....#...#...'...#...'.# ##
#.....#...#...#...#...#.#
.####.....##'###.#######'##.#
....+.)...#...#...#...#...#.#
.)###.....#...'...'...'.⌠.#.#


You could see Natasha and a cerulean imp (summoned).


Message History

The cherub shoots an arrow.
You block the arrow with your +2 tower shield of reflection... and reflect it back!
The arrow hits the cherub!!
You climb upwards.
There is a stone staircase leading down here.
Unknown command. 😕 HP[+4]
You regained 4 hp, and now have 283/289 hp.
What level of the Dungeon? (default 1, ? - help)
You see here a throwing net {=f!fthrowing}.
There is a stone staircase leading up here.
You climb upwards.
There is a stone staircase leading down here. 2 hellwings and 2 smoke demons come into view. 😎 HP[+6]
Your hp is fully restored (289).
Unknown command.
Unknown command.
The smoke demon roars! x2
The smoke demon gestures at you. The ball of steam hits you.
You resist. 😕 HP[-2]
You take 2 damage, and now have 287/289 hp. 😎 HP[+2]
Your hp is fully restored (289).
The hellwing is engulfed in a cloud of scalding steam.
There is a stone staircase leading up here.
You climb upwards.
Your extra speed is starting to run out.
There is a stone staircase leading down here.
Unknown command.
Unknown command.
What level of the Dungeon? (default 1, ? - help)
Okay, then.
Unknown command.
What level of the Dungeon? (default 1, ? - help)
You feel yourself slow down.
There is a stone staircase leading up here.
You climb upwards.
There is a stone staircase leading down here.
There is a stone staircase leading up here.
You climb upwards.
There is a stone staircase leading down here.
Key pressed, stopping travel.
Unknown command.
Unknown command.
Unknown command.
Unknown command.
What level of the Dungeon? (default 1, ? - help)
You feel a little less mighty now.
Natasha, Servant of Life and Death comes into view.
Unknown command.
Natasha hisses angrily.
There is a stone staircase leading up here.
You block Natasha's attack.
You climb upwards.
There is a stone staircase leading down here.
Unknown command.
What level of the Dungeon? (default 1, ? - help)
Okay, then.
Unknown command.
You block Natasha's attack. Natasha attacks as she pursues you!
You block Natasha's attack. x2
Natasha attacks as she pursues you! You block Natasha's attack.
You block Natasha's attack. Natasha casts a spell at you.
The magic dart hits you! 😕 HP[-7]
You take 7 damage, and now have 282/289 hp.
Natasha casts a spell.
There is an open door here. 😕 HP[+2]
You regained 2 hp, and now have 284/289 hp. 😕 HP[+2]
You regained 2 hp, and now have 286/289 hp.
There is an open door here. 😕 HP[+2]
You regained 2 hp, and now have 288/289 hp. 😎 HP[+1]
Your hp is fully restored (289).
You block Natasha's attack.
Unknown command.
Aiming: Dig
Press: ? - help, Shift-Dir - straight line A rock wall.
This square is covered in magical glow.
The rock shatters into small pieces.
You block Natasha's attack. You block the cerulean imp's attack.
You block Natasha's attack. You block the cerulean imp's attack.
Natasha attacks as she pursues you! You block Natasha's attack.
The cerulean imp attacks as it pursues you!
You block the cerulean imp's attack. Natasha attacks as she pursues you!
You block Natasha's attack. You block the cerulean imp's attack.
The cerulean imp attacks as it pursues you!
You block the cerulean imp's attack. You block Natasha's attack.
There is an open door here.
There is a staircase leading out of the dungeon here.
You block Natasha's attack. You block the cerulean imp's attack.
You have escaped!

Skill      XL: |  1  2  3  4  5  6  7  8  9 10 11 12 13 14 15 16 17 18 19 20 21 22 23 24 |
---------------+-------------------------------------------------------------------------+-----
Fighting       | 5 8 10 11 14 15 16 18 20 21 22 24 26 27 | 27.0
Axes           | 7 11 13 15 16 17 19 20 21 | 21.8
Evocations     | 3 7 10 12 | 12.8
Armour         | 3 5 6 10 12 | 12.0
Dodging        | 10 | 10.0
Shields        | 6 9 15 18 20 | 20.0
Maces & Flails | |  3.1

Action                     |  1- 3 |  4- 6 |  7- 9 | 10-12 | 13-15 | 16-18 | 19-21 | 22-24 || total
---------------------------+-------+-------+-------+-------+-------+-------+-------+-------++-------
  Melee: Short sword       |    92 |   144 |   291 |    11 |       |       |       |       ||   538
         Mace              |     5 |       |       |       |       |       |       |       ||     5
         Headbutt          |    20 |    22 |    86 |   112 |   178 |   228 |   196 |   370 ||  1212
         Punch             |     1 |     1 |     6 |     9 |     5 |       |       |       ||    22
         Flail             |       |       |   154 |   137 |     8 |       |       |       ||   299
         Broad axe         |       |       |       |   443 |   128 |       |   326 |  1184 ||  2081
         War axe           |       |       |       |       |    69 |       |       |       ||    69
         Battleaxe         |       |       |       |       |   561 |   970 |   391 |       ||  1922
         Kick              |       |       |       |       |    67 |   366 |   329 |   393 ||  1155
         Pseudopods        |       |       |       |       |       |       |       |   191 ||   191
  Throw: Dart              |       |       |     2 |     5 |       |       |       |       ||     7
 Invoke: Oozemancy         |       |       |       |       |       |       |       |     2 ||     2
  Evoke: Wand              |       |       |       |    15 |    11 |     3 |       |     9 ||    38
         Phantom mirror    |       |       |       |     1 |     3 |     1 |       |     1 ||     6
         Lightning rod     |       |       |       |       |     7 |     7 |     1 |     5 ||    20
         Condenser vane    |       |       |       |       |       |     2 |       |     2 ||     4
         Box of beasts     |       |       |       |       |       |     1 |     1 |     1 ||     3
    Use: Potion            |     2 |       |     1 |     7 |     7 |     7 |     4 |    21 ||    49
         Scroll            |       |     4 |    10 |     9 |    10 |     2 |    16 |    18 ||    69
   Stab: Sleeping          |     1 |       |     5 |     4 |     1 |       |       |       ||    11
         Confused          |       |       |     2 |       |       |       |     2 |    13 ||    17
         Paralysed         |       |       |       |    26 |     5 |     1 |       |       ||    32
         Petrified         |       |       |       |     4 |       |       |     3 |       ||     7
         Petrifying        |       |       |       |     1 |       |       |       |       ||     1
         Distracted        |       |       |       |       |       |       |     3 |     1 ||     4
         Invisible         |       |       |       |       |       |       |       |    12 ||    12
 Armour: Robe              |    47 |    64 |   159 |   130 |       |       |       |       ||   400
         Skin              |       |       |       |    21 |       |       |       |       ||    21
         Swamp dragon scal |       |       |       |   114 |   440 |   807 |   349 |   475 ||  2185
         Acid dragon scale |       |       |       |       |       |       |    57 |    11 ||    68
  Dodge: Dodged            |    33 |    86 |   402 |   470 |   482 |   716 |   362 |   335 ||  2886
  Block: Other             |     7 |    22 |   111 |   105 |   149 |   267 |    43 |       ||   704
         Reflection        |       |     2 |     2 |     1 |     7 |    14 |    30 |    68 ||   124
         Tower shield      |       |       |       |       |       |       |   290 |  1015 ||  1305

Levels and vault maps discovered:
D:1:      co_arrival_random_square_maze, layout_basic,
          ebering_ecumenical_altar_rust
D:2:      layout_loops_ring, minmay_snake_closets, uniq_natasha, uniq_sigmund,
          uniq_terence
D:3:      layout_loops_ring, minmay_misc_feat_pillars,
          minmay_misc_feat_ornament, nicolae_elevator_lobby_plus
D:4:      layout_loops_ring, lemuel_zombie_altar_kikubaaqudgha,
          uniq_crazy_yiuf_cottage
D:5:      layout_basic, elyvilon_altar_5, marbit_many_paths,
          nicolae_wu_jian_immortal_techniques, minmay_temple_entry_stoned_glass,
          serial_shops, shop, cheibrodos_sewer_entry_sluice
D:6:      layout_loops_ring, minitemple, serial_shops,
          nicolae_shop_pleasant_corner_grove, nicolae_shop_just_a_little_nook,
          shop, nicolae_shop_tiny_real_fake_doors
D:7:      layout_basic, uniq_duvessa
D:8:      layout_rooms, dk_yredelemnul_ordeal, enter_bailey_5
D:9:      layout_roguey, general_overflow_altar, kennysheep_generic_room_11
D:10:     layout_rooms, grunt_temple_overflow_forces_of_nature
D:11:     wander_river, layout_layer_cave, lair_entry_dummy, orc_david_3,
          special_room [special_room_bee], minmay_joined_circles, uniq_nergalle,
          uniq_erica
D:12:     layout_basic, hangedman_parallel_progression
D:13:     layout_irregular_city
D:14:     layout_cave_pools, david_vaults_4, okawaru_gym_becter
D:15:     gammafunk_depths_entry_grave, layout_rooms,
          minmay_misc_feat_secret_circle, portal_ice_cave_entry_pillars_three
Temple:   nicolae_temple_bog_church
Lair:1:   layout_chaotic_city, basic_altar, uniq_maggie
Lair:2:   layout_roguey, spider_nest_entry_web_field, serial_bayou,
          serial_bayou_pond_d, serial_bayou_lake_a, serial_bayou_shore_b,
          serial_bayou_pond_b, beast_lair_carwin_10
Lair:3:   nzn_winding_woodlands_stair_trap
          [nzn_winding_woodlands_5x15_longhouse,
          nzn_winding_woodlands_5x15_parted,
          nzn_winding_woodlands_5x15_sidewinder,
          nzn_winding_woodlands_15x15_boxy_spiral,
          nzn_winding_woodlands_5x15_pockets, nzn_winding_woodlands_5x15_zeroes,
          nzn_winding_woodlands_5x15_sawtooth], layout_chaotic_city,
          minmay_shoals_entry_centaurs, kilobyte_rumbling_trees
Lair:4:   layout_cellular_growth, slime_entry_1, nicolae_lair_liquid_snakes,
          uniq_rupert
Lair:5:   due_jungle_book, layout_loops_ring, serial_bayou_shore_a, uniq_urug
Shoals:1: layout_shoals, nicolae_shoals_circle_sea_wall, nicolae_splish_splash,
          uniq_mlioglotl
Shoals:2: layout_shoals
Shoals:3: cheibrodos_shoals_three_sisters, layout_shoals, serial_shops,
          shop_statue, nicolae_stop_n_shop_1, nicolae_shop_window_shopping,
          nicolae_shop_drivethru, nicolae_stop_n_shop_2,
          nicolae_shoals_c_island, uniq_polyphemus
Shoals:4: shoals_end_grunt_ice, layout_shoals
Spider:1: layout_chambers, uniq_kirke
Spider:2: layout_spider_delve
Spider:3: layout_spider_delve
Spider:4: hellmonk_spider_rune_bug_friends
Slime:1:  layout_caves
Slime:2:  layout_caves
Slime:3:  layout_caves
Slime:4:  layout_caves, cheibrodos_slime_lost_civilization_5
Slime:5:  slime_pit
Orc:1:    layout_caves, serial_shops, shop, gammafunk_ghost_berserking_beasts,
          uniq_sonja
Orc:2:    kennysheep_orc_mage_school, layout_caves, basic_altar, uniq_erolcha
Elf:1:    nicolae_elf_arrival_no_cutting_in_line, layout_loops_cross,
          gammafunk_ghost_tricky_traps, hangedman_elf_represent, uniq_nikola,
          uniq_agnes
Elf:2:    elven_hall_of_blades_hangedman_alternative
          [mumra_blade_entry_bloodbath], layout_rooms,
          nicolae_shop_i_like_small_books_too, minmay_misc_feat_rows
Elf:3:    minmay_elf_hall, layout_gridlike, serial_shops, shop_coins,
          minmay_shop_grove, uniq_bai_suzhen
Vaults:1: ebering_ghost_xom, nicolae_vaults_hallways_thing,
          vaults_standard_mumra_enter_the_diamond, dpeg_vaults_monster_row,
          nicolae_vaults_closet_pinwheel_5, nicolae_vaults_wrenched,
          grunt_vaults_funnel, nicolae_vaults_gold_heap,
          layout_vaults_quadrants, serial_shops, shop, uniq_norris
Vaults:2: nicolae_vaults_cochlea, nicolae_vaults_alarming,
          nicolae_vaults_storage_room_statues, vaults_dpeg_doors,
          hangedman_vaults_stretched_pinwheel, grunt_vaults_hallway_short,
          nicolae_vaults_circle_grid_b, nicolae_vaults_tetromino_Z_1,
          nicolae_vaults_little_squares_4, nicolae_vaults_swerve,
          nicolae_vaults_closet_pinwheel_2, nicolae_vaults_network_s,
          nicolae_vaults_little_ls, v_misc_27, layout_vaults_ring, uniq_donald
Vaults:3: minmay_crypt_entry_necro_gods, hangedman_vaults_stagger,
          vaults_dpeg_hooks, vaults_room_guarded_vault, hangedman_vaults_maws,
          nicolae_vaults_puzzle_piece, nicolae_vaults_puzzle_piece,
          ontoclasm_vaults_ligature, ontoclasm_vaults_decontamination,
          ontoclasm_vaults_hangar, ontoclasm_vaults_pinch,
          ontoclasm_vaults_chip, v_misc_10, layout_vaults_omnibox, serial_shops,
          nicolae_shop_statue_plus
Vaults:4: gammafunk_ghost_necromancy, vaults_dpeg_cross,
          nicolae_vaults_rhombus_5, v_alt_pattern_3, v_rooms_4,
          ontoclasm_vaults_ring_small, ontoclasm_vaults_hangar,
          ontoclasm_vaults_loading_screen, grunt_vaults_hallway_short, v_misc_5,
          st_lattice, layout_vaults_big_room, serial_shops, shop, uniq_jory
Depths:1: layout_honeycomb, enter_ziggurat_d, nicolae_ashenzari_panopticon,
          hell_entry, abyss_entry, chequers_serial_rivers_micro_b,
          item_on_display_b, serial_bayou_shore_b, uniq_mara
Depths:2: nicolae_herringbone, layout_gridlike, minmay_misc_feat_x,
          hangedman_coc_ice_floe, grunt_pan_entry_zigzag, abyss_entry_crystal
Depths:3: minmay_isolated_rectangles_in_corner, layout_basic,
          grunt_pan_entry_spiral, abyss_entry, hell_entry
Depths:4: grunt_zot_entry_pinwheel, layout_gridlike, hell_entry,
          nicolae_ru_sacrificial_ziggurat, gammafunk_ghost_crypt,
          serial_sigils_hangedman_snap, hangedman_decor_slide_cut,
          serial_bayou_shore_b
Zot:1:    layout_onion_interference, regret_index_zotdec_silver_v_v_loose,
          regret_index_zotdec_twisting_globes
Zot:2:    layout_gridlike, grunt_megastairs_5
Zot:3:    layout_basic
Zot:4:    regret_index_infernal_bastille, layout_concentric_octagons,
          gammafunk_ghost_arena
Zot:5:    layout_gridlike

Notes
Turn   | Place    | Note
-------+----------+-------------------------------------------
     0 | D:1      | MackTheKnife the Oni Chaos Knight began the quest for the
                  | Orb.
     0 | D:1      | Reached XP level 1. HP: 24/24 MP: 1/1
     0 | D:1      | magus.rc [v1.9.6]
    26 | D:1      | XOM: silly message
   177 | D:1      | Reached XP level 2. HP: 27/33 MP: 2/2
   234 | D:1      | XOM: silly message
   612 | D:1      | Reached skill level 5 in Fighting
   749 | D:1      | XOM: cloud trail
   778 | D:1      | XOM: god gift: ring mail {god gift}
   833 | D:1      | Found a faded altar of an unknown god.
   967 | D:2      | Reached XP level 3. HP: 42/42 MP: 3/3
  1105 | D:2      | You fall into a shaft and drop 1 floor!
  1318 | D:2      | Noticed Sigmund
  1331 | D:2      | Gained mutation: You are strong-willed. (Will+) [potion of
                  | mutation]
  1331 | D:2      | Gained mutation: Your mind is acute. (Int +4, Str/Dex -1)
                  | [potion of mutation]
  1331 | D:2      | Gained mutation: You possess an exceptional clarity of
                  | mind. [potion of mutation]
  1331 | D:2      | Gained mutation: You have hidden genetic potential. [potion
                  | of mutation]
  1339 | D:2      | Killed Sigmund
  1340 | D:2      | Reached skill level 8 in Fighting
  1340 | D:2      | Reached XP level 4. HP: 46/57 MP: 4/4
  1340 | D:2      | Reached XP level 5. HP: 51/63 MP: 5/5
  1343 | D:2      | Gained mutation: Your mind is very acute. (Int +8, Str/Dex
                  | -2) [hidden potential]
  1546 | D:2      | Reached XP level 6. HP: 74/74 MP: 6/6
  1754 | D:2      | XOM: divination: magic mapping
  1771 | D:2      | Noticed Natasha
  1771 | D:2      | Noticed Terence
  1784 | D:2      | Killed Terence
  1785 | D:2      | Reached skill level 9 in Fighting
  1931 | D:2      | Killed Natasha
  1951 | D:2      | Gained mutation: You are highly strong-willed. (Will++)
                  | [hidden potential]
  1951 | D:2      | Lost mutation: You have hidden genetic potential. [hidden
                  | potential expressed]
  2472 | D:3      | XOM is BORED!
  2472 | D:3      | XOM: give mutations
  2472 | D:3      | Lost mutation: You are highly strong-willed. (Will++)
                  | [Xom's mischief]
  2472 | D:3      | Gained mutation: You are robust. (+10% HP) [Xom's mischief]
  2542 | D:3      | XOM: god gift: +5 ring of evasion
  3161 | D:4      | Found a runed translucent door.
  3162 | D:4      | Noticed Crazy Yiuf
  3244 | D:4      | Killed Crazy Yiuf
  3245 | D:4      | Reached skill level 10 in Fighting
  3245 | D:4      | Reached XP level 7. HP: 93/93 MP: 7/7
  3335 | D:4      | XOM: 2-stop teleportation journey
  3342 | D:4      | XOM: noise
  3626 | D:4      | XOM: silly message
  3727 | D:4      | Found an ancient bone altar of Kikubaaqudgha.
  3819 | D:4      | XOM: divination: detect items
  3835 | D:5      | Entered Level 5 of the Dungeon
  3835 | D:5      | Found a staircase to the Ecumenical Temple.
  3855 | D:5      | Reached skill level 11 in Fighting
  3934 | D:5      | Found a white marble altar of Elyvilon.
  4034 | D:5      | Reached XP level 8. HP: 92/107 MP: 8/8
  4049 | D:5      | XOM: confuse monster(s)
  4068 | D:5      | Reached skill level 12 in Fighting
  4132 | D:5      | Found a glowing drain.
  4154 | Sewer    | Entered a sewer
  4401 | Sewer    | Reached skill level 13 in Fighting
  4475 | D:5      | Found an ornate altar of the Wu Jian Council.
  4513 | D:5      | XOM: cleaving
  4692 | D:5      | Found Wejil's Armour Shop.
  4731 | D:5      | XOM: give mutations
  4731 | D:5      | Lost mutation: You are robust. (+10% HP) [Xom's mischief]
  4731 | D:5      | Gained mutation: You are vulnerable to heat. (rF-) [Xom's
                  | mischief]
  4731 | D:5      | Lost mutation: Your mind is very acute. (Int +8, Str/Dex
                  | -2) [Xom's mischief]
  4731 | D:5      | Gained mutation: You have a somewhat thin skeletal
                  | structure. (Dex +2, Stealth+) [Xom's mischief]
  4772 | D:5      | Found a hide-covered altar of Uskayaw.
  4901 | D:6      | XOM: give mutation
  4901 | D:6      | Lost mutation: You are strong-willed. (Will+) [Xom's
                  | mischief]
  4917 | D:6      | Found Ifrelu's Distillery.
  4931 | D:6      | Bought a potion of might for 48 gold pieces
  4931 | D:6      | Bought a potion of berserk rage for 60 gold pieces
  4945 | D:6      | Found an opulent altar of Gozag.
  4950 | D:6      | Found a radiant altar of Vehumet.
  5015 | D:6      | Found Lobydeasuo's Distillery.
  5025 | D:6      | Bought a potion of heal wounds for 60 gold pieces
  5042 | D:6      | XOM: give mutations
  5042 | D:6      | Lost mutation: Your mind is acute. (Int +4, Str/Dex -1)
                  | [Xom's mischief]
  5042 | D:6      | Gained mutation: You are clumsy. (Dex -2) [Xom's mischief]
  5042 | D:6      | Gained mutation: You occasionally lose the ability to read
                  | scrolls when taking damage. [Xom's mischief]
  5042 | D:6      | Lost mutation: You occasionally lose the ability to read
                  | scrolls when taking damage. [Xom's mischief]
  5232 | D:6      | Found Wunoep's Magic Scroll Boutique.
  5412 | D:6      | Found Reij Qoa's General Store.
  5705 | D:7      | Reached skill level 14 in Fighting
  5899 | D:7      | XOM: summons friendly crimson imp
  5934 | D:7      | XOM: divine lightning
  5935 | D:7      | Reached XP level 9. HP: 67/114 MP: 9/9
  5946 | D:7      | Noticed Dowan
  6063 | D:7      | Killed Dowan
  6070 | D:7      | Noticed Duvessa
  6079 | D:7      | Killed Duvessa
  6080 | D:7      | Reached skill level 15 in Fighting
  6279 | D:7      | XOM: divination: magic mapping
  6284 | D:7      | Reached skill level 1 in Axes
  6353 | D:6      | Bought a scroll of teleportation for 42 gold pieces
  6381 | D:7      | Reached skill level 2 in Axes
  6424 | D:7      | XOM: summons friendly white imp
  6425 | D:7      | XOM: summons 2 friendly demons
  6431 | D:7      | Reached skill level 3 in Axes
  6555 | D:7      | XOM: scenery: create altars
  6854 | D:7      | Reached skill level 4 in Axes
  7098 | D:7      | XOM: divination: detect creatures
  7164 | D:8      | Found a flagged portal.
  7182 | Bailey   | Entered a bailey
  7251 | Bailey   | XOM: confuse monster(s)
  7287 | Bailey   | Reached skill level 5 in Axes
  7344 | Bailey   | XOM: divination: detect creatures
  7374 | Bailey   | XOM: confuse monster(s)
  7378 | Bailey   | Reached skill level 6 in Axes
  7466 | Bailey   | Noticed a gargoyle
  7480 | Bailey   | Killed a gargoyle
  7481 | Bailey   | Reached skill level 7 in Axes
  7481 | Bailey   | Reached XP level 10. HP: 54/124 MP: 10/10
  7639 | Bailey   | XOM: silly message
  7706 | Bailey   | Identified the staff of Dithmenos's Fury {Dex+4 SInv Conj}
  7818 | Bailey   | XOM: draining
  7910 | D:8      | Found a runed translucent door.
  7912 | D:8      | Reached skill level 8 in Axes
  7913 | D:8      | Found a basalt altar of Yredelemnul.
  7967 | D:8      | XOM: summons 10 friendly demons
  7985 | D:8      | Reached skill level 9 in Axes
  7995 | D:8      | XOM: summons 6 hostile demons
  8482 | D:8      | XOM: enchant monster (bad)
  8504 | D:8      | XOM: silly message
  8652 | D:8      | XOM: give mutation
  8652 | D:8      | Gained mutation: Your muscles are strong. (Str +4, Int/Dex
                  | -1) [Xom's mischief]
  8774 | D:9      | Reached skill level 10 in Axes
  8779 | D:9      | XOM: 1-stop teleportation journey
  8932 | D:9      | Identified the +7 long sword "Loukk" {flame, rElec rF-
                  | Str+6 Int+2}
  9070 | D:9      | Noticed a white ugly thing
  9081 | D:9      | Killed a white ugly thing
  9464 | D:9      | Found a shadowy altar of Dithmenos.
  9523 | D:9      | XOM: summons 2 hostile demons
  9548 | D:9      | XOM: god gift: 9 gold pieces
  9698 | D:9      | Reached skill level 11 in Axes
  9845 | D:10     | Entered Level 10 of the Dungeon
  9869 | D:10     | Found a stormy altar of Qazlal.
  9897 | D:10     | Found a blossoming altar of Fedhas.
  9955 | D:10     | XOM: give mutations
  9955 | D:10     | Gained mutation: Your muscles are very strong. (Str +8,
                  | Int/Dex -2) [Xom's mischief]
  9955 | D:10     | Gained mutation: You occasionally lose the ability to drink
                  | potions when taking damage. [Xom's mischief]
  9955 | D:10     | Gained mutation: You have supernaturally acute eyesight.
                  | (SInv) [Xom's mischief]
  9996 | D:10     | XOM: god gift: runed hand axe {god gift}
 10007 | D:10     | XOM: summons 2 friendly demons
 10037 | D:10     | XOM: god gift: wand of iceblast (4)
 10148 | D:10     | Noticed a four-headed hydra
 10174 | D:10     | XOM: give mutations
 10174 | D:10     | Gained mutation: You have hidden genetic potential. [Xom's
                  | grace]
 10174 | D:10     | Gained mutation: You have an increased reservoir of magic.
                  | (+10% MP) [Xom's grace]
 10180 | D:10     | Reached XP level 11. HP: 129/132 MP: 10/12
 10286 | D:10     | XOM: fog
 10338 | D:10     | You pick up a book of Air and begin reading...
 10338 | D:10     | You add the spells Shock, Swiftness and Airstrike to your
                  | library.
 10452 | D:10     | Paralysed by a hornet for 3 turns
 10457 | D:10     | Reached skill level 12 in Axes
 10638 | D:10     | Noticed a two-headed ogre
 10643 | D:10     | Killed a two-headed ogre
 10787 | D:11     | Found a staircase to the Lair.
 10821 | D:11     | Noticed a cyclops
 10829 | D:11     | Killed a cyclops
 11011 | D:11     | XOM: enchant monster (good)
 11028 | Lair:1   | Entered Level 1 of the Lair of Beasts
 11148 | Lair:1   | XOM: summons 1 hostile shadow creature
 11149 | Lair:1   | XOM: blink monster(s)
 11245 | Lair:1   | XOM: give mutation
 11245 | Lair:1   | Lost mutation: You are vulnerable to heat. (rF-) [Xom's
                  | mischief]
 11285 | Lair:1   | Found an ancient bone altar of Kikubaaqudgha.
 11322 | Lair:1   | You pick up a book of Conjurations {@e2} and begin
                  | reading...
 11322 | Lair:1   | You add the spells Magic Dart, Searing Ray and Fulminant
                  | Prism to your library.
 11360 | Lair:1   | Reached skill level 13 in Axes
 11360 | Lair:1   | XOM: 1-stop teleportation journey
 11379 | Lair:1   | XOM: divination: magic mapping
 11383 | Lair:1   | Gained mutation: You expend magic power (3 MP) to
                  | strengthen your wands. [hidden potential]
 11441 | Lair:1   | Noticed Maggie
 11451 | Lair:1   | Killed Maggie
 11479 | Lair:1   | Noticed an oklob plant
 11702 | Lair:1   | XOM: enchant monster (bad)
 11834 | Lair:1   | XOM: 2-stop teleportation journey
 11969 | Lair:1   | You pick up a book of Air and begin reading...
 12008 | Lair:1   | an oklob plant changed into a shambling mangrove
 12008 | Lair:1   | Noticed a shambling mangrove
 12008 | Lair:1   | XOM: polymorph oklob plant -> shambling mangrove
 12032 | Lair:2   | XOM: swap monsters
 12037 | Lair:2   | Reached skill level 16 in Fighting
 12163 | Lair:2   | XOM: 1-stop teleportation journey
 12166 | Lair:2   | XOM: 1-stop teleportation journey
 12182 | Lair:2   | XOM: summons 6 hostile demons
 12184 | Lair:2   | XOM: smoke on damage
 12401 | Lair:2   | Reached XP level 12. HP: 136/146 MP: 13/13
 12404 | Lair:2   | Reached skill level 14 in Axes
 12488 | Lair:2   | Reached skill level 17 in Fighting
 12583 | Lair:2   | XOM: polymorph cane toad -> boggart
 12586 | Lair:2   | XOM: divination: detect creatures
 12799 | Lair:2   | XOM: 1-stop teleportation journey
 12876 | Lair:2   | Found a hole to the Spider Nest.
 12896 | Lair:2   | You pick up a book of Power and begin reading...
 12896 | Lair:2   | You add the spells Iskenderun's Battlesphere, Bombard and
                  | Spellforged Servitor to your library.
 12986 | Lair:2   | XOM: confuse monster(s)
 13115 | Lair:2   | Noticed a death yak
 13115 | Lair:2   | Noticed a death yak
 13115 | Lair:2   | Noticed a death yak
 13115 | Lair:2   | Noticed a death yak
 13115 | Lair:2   | Noticed a death yak
 13125 | Lair:2   | Killed a death yak
 13132 | Lair:2   | Killed a death yak
 13133 | Lair:2   | XOM: divination: magic mapping
 13137 | Lair:2   | Killed a death yak
 13141 | Lair:2   | Killed a death yak
 13142 | Lair:2   | XOM: divination: detect creatures
 13142 | Lair:2   | Noticed a death yak
 13144 | Lair:2   | Gained mutation: You have a pair of horns on your head.
                  | [hidden potential]
 13144 | Lair:2   | Lost mutation: You have hidden genetic potential. [hidden
                  | potential expressed]
 13152 | Lair:2   | Killed a death yak
 13153 | Lair:2   | Reached skill level 18 in Fighting
 13161 | Lair:2   | Killed a death yak
 13162 | Lair:2   | Reached skill level 15 in Axes
 13187 | Lair:2   | XOM: give mutations
 13187 | Lair:2   | Gained mutation: You are very clumsy. (Dex -4) [Xom's
                  | mischief]
 13187 | Lair:2   | Lost mutation: You possess an exceptional clarity of mind.
                  | [Xom's mischief]
 13187 | Lair:2   | Lost mutation: You have a pair of horns on your head.
                  | [Xom's mischief]
 13493 | Lair:2   | You pick up a book of Burglary and begin reading...
 13493 | Lair:2   | You add the spells Passwall and Ensorcelled Hibernation to
                  | your library.
 13494 | Lair:2   | Noticed a catoblepas
 13506 | Lair:2   | Killed a catoblepas
 13663 | Lair:2   | XOM: confuse monster(s)
 13679 | Lair:1   | Noticed a death yak
 13688 | Lair:1   | XOM: enchant monster (good)
 13696 | Lair:1   | Killed a death yak
 14015 | Lair:2   | XOM: enchant monster (bad)
 14461 | Lair:3   | Reached XP level 13. HP: 161/161 MP: 14/14
 14554 | Lair:3   | XOM: summons friendly white imp
 14601 | Lair:3   | XOM: confusion (+ monsters)
 14657 | Lair:3   | Reached skill level 19 in Fighting
 14765 | Lair:3   | XOM: enchant monster (good)
 14867 | Lair:3   | XOM: scenery: create altars
 14883 | Lair:3   | XOM: 2-stop teleportation journey
 14937 | Lair:3   | XOM: divination: detect creatures
 15005 | Lair:3   | XOM: give mutations
 15005 | Lair:3   | Lost mutation: You are very clumsy. (Dex -4) [Xom's
                  | mischief]
 15005 | Lair:3   | Lost mutation: You are clumsy. (Dex -2) [Xom's mischief]
 15005 | Lair:3   | Gained mutation: You sometimes lose the ability to drink
                  | potions when taking damage. [Xom's mischief]
 15070 | Lair:3   | XOM: give mutations
 15070 | Lair:3   | Gained mutation: You possess an exceptional clarity of
                  | mind. [Xom's grace]
 15070 | Lair:3   | Gained mutation: Your mind is acute. (Int +4, Str/Dex -1)
                  | [Xom's grace]
 15310 | Lair:3   | Found a staircase to the Shoals.
 15316 | Lair:3   | Reached skill level 16 in Axes
 15451 | Lair:3   | XOM: 2-stop teleportation journey
 15603 | Lair:3   | XOM: god gift: 33 gold pieces
 15627 | Lair:3   | XOM: scenery: create altars
 15662 | Lair:3   | XOM: divine lightning
 15819 | Lair:3   | Identified the +0 war axe "Sypacue" {drain, +Blink rF- rN+
                  | Int+3}
 16358 | Lair:4   | XOM: 2-stop teleportation journey
 16378 | Lair:4   | XOM: cleaving
 16389 | Lair:4   | Reached skill level 20 in Fighting
 16393 | Lair:4   | Reached skill level 1 in Evocations
 16456 | Lair:4   | Found a staircase to the Slime Pits.
 16494 | Lair:4   | XOM: snakes to sticks
 16606 | Lair:3   | XOM: silly message
 16693 | Lair:4   | XOM: silly message
 16707 | Lair:4   | XOM: divination: detect creatures
 16711 | Lair:4   | XOM: cast spell 'Cause Fear'
 16719 | Lair:3   | Reached skill level 2 in Evocations
 16823 | Lair:4   | XOM: silly message
 16892 | Lair:4   | XOM: enchant monster (bad)
 16903 | Lair:4   | XOM: enchant monster (bad)
 16920 | Lair:4   | XOM: cast spell 'Leda's Liquefaction'
 16933 | Lair:4   | Reached skill level 3 in Evocations
 17001 | Lair:4   | Noticed Rupert
 17010 | Lair:4   | Killed Rupert
 17646 | Lair:4   | XOM: torment (85/167 hp)
 18035 | Lair:4   | XOM: stat loss: -1 Dex (8/9)
 18128 | Lair:5   | XOM: stealth player
 18128 | Lair:5   | Entered Level 5 of the Lair of Beasts
 18153 | Lair:4   | XOM: summons 7 hostile demons
 18157 | Lair:4   | Reached XP level 14. HP: 135/176 MP: 15/15
 18158 | Lair:4   | XOM: polymorph ufetubus -> iron imp
 18159 | Lair:4   | Reached skill level 4 in Evocations
 18233 | Lair:5   | XOM: chaos cloud
 18233 | Lair:5   | Noticed Urug
 18526 | Lair:5   | XOM: fog
 18529 | Lair:5   | Killed Urug
 18764 | Lair:5   | Reached skill level 21 in Fighting
 18932 | Lair:5   | XOM: scenery: summon butterflies
 18947 | Lair:4   | Reached skill level 5 in Evocations
 19212 | Lair:5   | XOM: potion effect (attraction)
 19236 | Lair:5   | Reached skill level 17 in Axes
 19244 | Lair:5   | XOM: destruction
 19266 | Lair:5   | XOM: 1-stop teleportation journey
 19753 | Lair:5   | Noticed a dire elephant
 19760 | Lair:5   | Noticed a dire elephant
 19764 | Lair:5   | Reached skill level 6 in Evocations
 19772 | Lair:5   | Noticed a dire elephant
 19782 | Lair:5   | Killed a dire elephant
 19790 | Lair:5   | Noticed a dire elephant
 19890 | Lair:5   | XOM: give mutations
 19890 | Lair:5   | Gained mutation: You are strong-willed. (Will+) [Xom's
                  | grace]
 19890 | Lair:5   | Gained mutation: Your spells are a little harder to cast,
                  | but a little more powerful. [Xom's grace]
 20135 | Lair:5   | XOM: fog
 20186 | Lair:5   | XOM: torment (91/179 hp)
 20942 | D:11     | Reached skill level 7 in Evocations
 21091 | D:11     | You add the spells Cigotuvi's Dreadful Rot, Ignite Poison
                  | and Freezing Cloud to your library.
 21223 | D:11     | XOM: give mutations
 21223 | D:11     | Lost mutation: You have a somewhat thin skeletal structure.
                  | (Dex +2, Stealth+) [Xom's mischief]
 21223 | D:11     | Lost mutation: You have an increased reservoir of magic.
                  | (+10% MP) [Xom's mischief]
 21223 | D:11     | Gained mutation: Your mind is very acute. (Int +8, Str/Dex
                  | -2) [Xom's mischief]
 21223 | D:11     | Gained mutation: You have a pair of horns on your head.
                  | [Xom's mischief]
 21311 | D:11     | Found a staircase to the Orcish Mines.
 21311 | D:11     | Found Xarib's Armour Boutique.
 21312 | D:11     | Noticed Nergalle
 21324 | D:11     | Killed Nergalle
 21341 | D:11     | Reached skill level 1 in Armour
 21471 | D:11     | Reached skill level 2 in Armour
 21474 | D:11     | Reached skill level 3 in Armour
 21474 | D:11     | Reached XP level 15. HP: 123/187 MP: 15/15
 21482 | D:11     | Reached skill level 4 in Armour
 21482 | D:11     | Noticed Erica
 21663 | D:11     | XOM: summons friendly chaos spawn
 21765 | D:11     | Killed Erica
 21776 | D:11     | XOM is BORED!
 21854 | D:11     | Reached skill level 5 in Armour
 22008 | D:11     | XOM: cloud trail
 22109 | D:11     | XOM: divination: detect creatures
 22183 | D:11     | XOM: god gift: 2 scrolls of immolation
 22249 | D:11     | XOM: give mutation
 22249 | D:11     | Gained mutation: You have large cloven feet. [Xom's grace]
 22314 | Orc:1    | Entered Level 1 of the Orcish Mines
 22434 | D:11     | XOM: summons 6 hostile demons
 22472 | Orc:1    | XOM: cast spell 'Cause Fear'
 22482 | Orc:1    | Found Faluo's Distillery.
 22603 | Orc:1    | Bought a potion of heal wounds for 60 gold pieces
 22603 | Orc:1    | Bought a potion of heal wounds for 60 gold pieces
 22603 | Orc:1    | Bought a potion of curing for 36 gold pieces
 22603 | Orc:1    | Bought a potion of curing for 36 gold pieces
 22728 | Orc:2    | Entered Level 2 of the Orcish Mines
 22758 | Orc:2    | Noticed an orc warlord
 22759 | Orc:2    | XOM: summons 6 friendly demons
 22766 | Orc:2    | Killed an orc warlord
 22767 | Orc:2    | Reached skill level 8 in Evocations
 22767 | Orc:2    | Noticed Erolcha
 22777 | Orc:2    | Killed Erolcha
 22781 | Orc:2    | XOM: fake destruction
 23238 | Orc:2    | XOM: summons 4 friendly demons
 23242 | Orc:2    | Reached skill level 9 in Evocations
 23300 | Orc:2    | XOM: give mutations
 23300 | Orc:2    | Lost mutation: You sometimes lose the ability to drink
                  | potions when taking damage. [Xom's mischief]
 23300 | Orc:2    | Lost mutation: Your mind is very acute. (Int +8, Str/Dex
                  | -2) [Xom's mischief]
 23300 | Orc:2    | Gained mutation: You occasionally shout uncontrollably at
                  | your foes. [Xom's mischief]
 23348 | Orc:2    | Found a staircase to the Elven Halls.
 23431 | Orc:1    | XOM: enchant monster (good)
 23432 | Orc:1    | XOM: summons friendly crimson imp
 23432 | Orc:1    | Noticed an orc warlord
 23443 | Orc:1    | Killed an orc warlord
 23496 | Orc:1    | Found a transporter.
 23531 | Orc:1    | XOM: cloud trail
 23564 | Orc:1    | XOM: give mutations
 23564 | Orc:1    | Gained mutation: You are highly strong-willed. (Will++)
                  | [Xom's grace]
 23564 | Orc:1    | Gained mutation: You are partially covered in large bone
                  | plates. (SH +4) [Xom's grace]
 23640 | Orc:1    | Noticed DavidJohnTaylorOni's ghost (journeyman OnFi)
 23643 | Orc:1    | Noticed Sonja
 23645 | Orc:1    | You are cast into the Abyss!
 23645 | Abyss:1  | Cast into level 1 of the Abyss (Sonja)
 23646 | Abyss:1  | XOM: give mutations
 23646 | Abyss:1  | Gained mutation: You are agile. (Dex +4, Str/Int -1) [Xom's
                  | grace]
 23646 | Abyss:1  | Gained mutation: You are partially covered in iridescent
                  | scales. (AC +2) [Xom's grace]
 23850 | Abyss:1  | XOM: god gift: war axe {god gift}
 23895 | Abyss:1  | XOM: summons friendly white imp
 23917 | Abyss:1  | XOM: divination: magic mapping
 23936 | Abyss:1  | Reached skill level 10 in Evocations
 24082 | Abyss:1  | Noticed a Hell Sentinel
 24094 | Abyss:1  | Noticed a tentacled starspawn
 24101 | Abyss:1  | Killed a tentacled starspawn
 24108 | Abyss:1  | XOM: butterfly on damage
 24174 | Orc:1    | You pass through the gate.
 24174 | Orc:1    | Escaped the Abyss
 24177 | Orc:1    | Killed Sonja
 24205 | Orc:1    | Found a transporter.
 24221 | Orc:1    | XOM: potion effect (might)
 24404 | Orc:1    | XOM: divination: detect creatures
 24544 | Orc:1    | XOM: potion effect (magic)
 24547 | Orc:1    | HP: 34/187 [moth of wrath (13)]
 24653 | Orc:1    | XOM: divination: detect items
 24862 | Orc:1    | XOM: divination: detect items
 24985 | Orc:2    | Found Vaozoinuaph's Antique Armour Shoppe.
 25008 | Orc:2    | XOM: silly message
 25064 | Orc:2    | Found a radiant altar of Vehumet.
 25114 | Orc:2    | Found Fafy's Jewellery Emporium.
 25124 | Orc:2    | Found an ancient bone altar of Kikubaaqudgha.
 25168 | Orc:2    | Found Muogec's Distillery.
 25186 | Orc:2    | Bought a potion of heal wounds for 55 gold pieces
 25199 | Orc:2    | XOM: silly message
 25202 | Orc:2    | Found Gulem's Antique Armour Shoppe.
 25211 | Orc:2    | Bought an embroidered scarf for 240 gold pieces
 25349 | Orc:1    | Killed DavidJohnTaylorOni's ghost
 25350 | Orc:1    | Reached skill level 22 in Fighting
 25375 | Orc:1    | XOM: summons 5 hostile demons
 25381 | Orc:1    | Identified the ring of Zono {rC+ AC+4}
 25541 | Temple   | Entered the Ecumenical Temple
 25753 | D:12     | Reached XP level 16. HP: 174/200 MP: 16/16
 25856 | D:12     | XOM: confuse monster(s)
 25905 | D:12     | XOM: noise
 26070 | D:12     | XOM: enchant monster (bad)
 26217 | D:12     | Identified the +10 battleaxe of Xiogymuu {flame, *Noise
                  | rPois rCorr}
 26275 | D:12     | XOM: summons 6 hostile demons
 26389 | D:12     | You pick up a book of Lightning and begin reading...
 26389 | D:12     | You add the spells Vhi's Electric Charge, Arcjolt and
                  | Plasma Beam to your library.
 26468 | D:12     | Reached skill level 23 in Fighting
 27118 | D:13     | Reached skill level 18 in Axes
 27440 | D:13     | XOM: noise
 27588 | D:13     | XOM: summons 9 hostile demons
 27595 | D:13     | XOM: enchant monster (bad)
 27648 | D:13     | XOM: give mutation
 27648 | D:13     | Lost mutation: You have a pair of horns on your head.
                  | [Xom's mischief]
 27979 | D:14     | Found an iron altar of Okawaru.
 28023 | D:14     | XOM: noise
 28324 | D:14     | XOM: stat loss: -1 Str (27/28)
 28345 | D:14     | XOM: polymorph unseen horror -> shapeshifter
 28415 | D:14     | Found a gate to the Vaults.
 28461 | D:14     | XOM: 2-stop teleportation journey
 28597 | D:14     | Identified the +7 quarterstaff of Yredelemnul {flame, rF+
                  | rC+ Int-5 Stlth+}
 28706 | D:15     | Entered Level 15 of the Dungeon
 28715 | D:14     | Reached skill level 24 in Fighting
 28806 | D:15     | XOM: cleaving
 28946 | D:15     | XOM: chaos upgrade
 28967 | D:15     | Found a frozen archway.
 28973 | IceCv    | Entered an ice cave
 28974 | IceCv    | XOM: summons 7 friendly demons
 28975 | IceCv    | XOM: destruction
 29086 | IceCv    | Found a transporter.
 29094 | IceCv    | Found a transporter.
 29118 | IceCv    | Reached skill level 19 in Axes
 29129 | IceCv    | Got the Exposition on Freezing
 29143 | IceCv    | XOM: god gift: staff of conjuration
 29187 | D:15     | Found a staircase to the Depths.
 29194 | D:15     | Reached XP level 17. HP: 202/217 MP: 17/17
 29194 | D:15     | XOM: enchant monster (good)
 29196 | D:15     | XOM: cast spell 'Summon Cactus Giant'
 29202 | D:15     | XOM: blink monster(s)
 29204 | D:15     | XOM: blink monster(s)
 29209 | D:15     | XOM: chaos upgrade
 29336 | D:15     | XOM: god gift: amulet of reflection
 29340 | D:15     | XOM: silly message
 29389 | D:15     | XOM: summons 4 hostile shadow creatures
 29583 | D:15     | XOM: summons friendly ufetubus
 29609 | D:15     | XOM: blink monster(s)
 29622 | D:15     | XOM: summons 7 friendly demons
 29624 | D:15     | XOM: enchant monster (bad)
 29677 | D:15     | XOM: god gift: book of Displacement
 29692 | D:15     | XOM: god gift: 3 stones
 29740 | D:15     | You pick up a book of Displacement and begin reading...
 29740 | D:15     | You add the spells Lesser Beckoning, Gell's Gravitas and
                  | Teleport Other to your library.
 29833 | D:15     | XOM: cast spell 'Leda's Liquefaction'
 29842 | D:15     | XOM: enchant monster (good)
 29854 | D:15     | Reached skill level 25 in Fighting
 29961 | D:15     | XOM: cloud trail
 30048 | D:15     | XOM: give mutations
 30048 | D:15     | Lost mutation: You are highly strong-willed. (Will++)
                  | [Xom's mischief]
 30048 | D:15     | Lost mutation: Your muscles are very strong. (Str +8,
                  | Int/Dex -2) [Xom's mischief]
 30048 | D:15     | Lost mutation: Your muscles are strong. (Str +4, Int/Dex
                  | -1) [Xom's mischief]
 30048 | D:15     | Lost mutation: You are strong-willed. (Will+) [Xom's
                  | mischief]
 30247 | Lair:1   | Upgraded the game from 0.31-a0-1352-gc98d92de7d to
                  | 0.31-a0-1370-gf52a5a9ab3
 30247 | Lair:1   | magus.rc [v1.9.6]
 30286 | Spider:1 | Entered Level 1 of the Spider Nest
 30429 | Spider:1 | XOM: cast spell 'Animate Armour'
 30622 | Spider:1 | Noticed Kirke
 30643 | Spider:1 | Noticed a sphinx
 30645 | Spider:1 | Killed Kirke
 30980 | Spider:1 | XOM: enchant monster (good)
 30982 | Spider:1 | XOM: destruction
 30988 | Spider:1 | XOM: confuse monster(s)
 31267 | Spider:1 | XOM: cloud trail
 31283 | Spider:1 | You pick up a book of the Hunter and begin reading...
 31283 | Spider:1 | You add the spells Sigil of Binding, Call Canine Familiar
                  | and Dimensional Bullseye to your library.
 31821 | Spider:2 | XOM: summons friendly quasit
 31938 | Spider:2 | XOM: noise
 32206 | Spider:2 | XOM: blink monster(s)
 32210 | Spider:2 | XOM: potion effect (might)
 32276 | Spider:2 | Identified the +6 ring mail of the Singing Gods {rElec
                  | Dex+3 SInv}
 32316 | Spider:2 | XOM: potion effect (berserk rage)
 32318 | Spider:2 | XOM: polymorph entropy weaver -> boggart
 32338 | Spider:2 | Reached skill level 26 in Fighting
 32340 | Spider:2 | XOM: enchant monster (bad)
 32773 | Spider:3 | You pick up a book of Geomancy and begin reading...
 32773 | Spider:3 | You add the spells Sandblast, Stone Arrow and Brom's
                  | Barrelling Boulder to your library.
 32799 | Spider:3 | XOM: polymorph radroach -> skyshark
 33090 | Spider:3 | Identified the ring of Intercession {rElec EV+5 Str+4}
 33236 | Spider:3 | Reached XP level 18. HP: 184/235 MP: 3/18
 33331 | Spider:3 | XOM: give mutation
 33331 | Spider:3 | Gained mutation: You are very agile. (Dex +8, Str/Int -2)
                  | [Xom's mischief]
 33376 | Spider:3 | XOM is BORED!
 33376 | Spider:3 | XOM: torment (119/235 hp)
 33412 | Spider:3 | XOM: give mutations
 33412 | Spider:3 | Lost mutation: You are partially covered in large bone
                  | plates. (SH +4) [Xom's mischief]
 33412 | Spider:3 | Gained mutation: You are vulnerable to cold. (rC-) [Xom's
                  | mischief]
 33890 | Spider:3 | Reached skill level 27 in Fighting
 33902 | Spider:3 | XOM: stat loss: -1 Dex (18/19)
 34021 | Spider:4 | Entered Level 4 of the Spider Nest
 34051 | Spider:3 | XOM: god gift: staff of fire
 34166 | Spider:4 | Reached skill level 3 in Dodging
 34166 | Spider:4 | XOM: cleaving
 34292 | Spider:3 | XOM: god gift: box of beasts
 34382 | Spider:4 | Reached skill level 4 in Dodging
 34400 | Spider:3 | HP: 48/236 [boulder beetle (13)]
 34504 | Spider:3 | XOM: summons 10 hostile demons
 34773 | Spider:3 | XOM: cloud trail
 34904 | Spider:4 | Reached skill level 5 in Dodging
 35205 | Spider:4 | Reached skill level 6 in Dodging
 35347 | Spider:4 | Reached skill level 7 in Dodging
 35434 | Spider:4 | XOM: scenery: create altars
 35560 | Spider:4 | XOM: enchant monster (good)
 35578 | Spider:4 | XOM: 3-stop teleportation journey
 35583 | Spider:4 | HP: 47/236 [demonic crawler (13)]
 35595 | Spider:4 | XOM: cleaving
 35653 | Spider:3 | XOM: cloud trail
 35875 | Spider:4 | Reached skill level 8 in Dodging
 35883 | Spider:4 | XOM: noise
 36311 | Spider:4 | XOM: 1-stop teleportation journey
 36346 | Spider:4 | XOM: cleaving
 36717 | Spider:4 | Reached skill level 9 in Dodging
 36835 | Spider:4 | Got a gossamer rune of Zot
 36934 | Spider:4 | XOM: give mutations
 36934 | Spider:4 | Lost mutation: You possess an exceptional clarity of mind.
                  | [Xom's mischief]
 36934 | Spider:4 | Lost mutation: You are partially covered in iridescent
                  | scales. (AC +2) [Xom's mischief]
 36934 | Spider:4 | Gained mutation: You occasionally lose the ability to read
                  | scrolls when taking damage. [Xom's mischief]
 36935 | Spider:4 | Lost mutation: You are very agile. (Dex +8, Str/Int -2)
                  | [potion of mutation]
 36935 | Spider:4 | Lost mutation: You expend magic power (3 MP) to strengthen
                  | your wands. [potion of mutation]
 36935 | Spider:4 | Gained mutation: You expend magic power (3 MP) to
                  | strengthen your wands. [potion of mutation]
 36935 | Spider:4 | Gained mutation: You have a pair of horns on your head.
                  | [potion of mutation]
 36936 | Spider:4 | Lost mutation: You are vulnerable to cold. (rC-) [potion of
                  | mutation]
 36936 | Spider:4 | Lost mutation: Your mind is acute. (Int +4, Str/Dex -1)
                  | [potion of mutation]
 36936 | Spider:4 | Gained mutation: You are partially covered in iridescent
                  | scales. (AC +2) [potion of mutation]
 36937 | Spider:4 | Lost mutation: You are agile. (Dex +4, Str/Int -1) [potion
                  | of mutation]
 36937 | Spider:4 | Lost mutation: You occasionally lose the ability to drink
                  | potions when taking damage. [potion of mutation]
 36937 | Spider:4 | Lost mutation: You occasionally shout uncontrollably at
                  | your foes. [potion of mutation]
 36937 | Spider:4 | Gained mutation: You are robust. (+10% HP) [potion of
                  | mutation]
 36937 | Spider:4 | Gained mutation: You have hidden genetic defects. [potion
                  | of mutation]
 36937 | Spider:4 | Gained mutation: Your flesh is heat resistant. (rF+)
                  | [potion of mutation]
 37153 | Shoals:1 | Entered Level 1 of the Shoals
 37164 | Shoals:1 | XOM: summons friendly shadow imp
 37170 | Shoals:1 | XOM: enchant monster (good)
 37185 | Shoals:1 | Noticed Mlioglotl
 37199 | Shoals:1 | Killed Mlioglotl
 37203 | Shoals:1 | XOM: polymorph juvenile firesting beast -> snapping turtle
 37279 | Lair:3   | XOM: give mutations
 37279 | Lair:3   | Gained mutation: A frigid envelope surrounds you and
                  | freezes all who hurt you. [Xom's grace]
 37279 | Lair:3   | Gained mutation: You have a pair of large horns on your
                  | head. [Xom's grace]
 37320 | Lair:3   | XOM: noise
 37453 | Lair:3   | magus.rc [v1.9.6]
 37691 | Shoals:1 | You pick up a book of Burglary and begin reading...
 37863 | Shoals:2 | XOM: divination: detect creatures
 37870 | Shoals:2 | XOM: potion effect (might)
 37874 | Shoals:2 | Reached skill level 6 in Armour
 37982 | Shoals:2 | You pick up a book of the Wilderness and begin reading...
 37982 | Shoals:2 | You add the spells Summon Forest, Summon Mana Viper and
                  | Summon Cactus Giant to your library.
 38137 | Shoals:2 | XOM: divination: detect creatures
 38147 | Shoals:2 | Gained mutation: You sometimes lose your temper in combat.
                  | [hidden defects]
 38254 | Shoals:2 | XOM: enchant monster (bad)
 38260 | Shoals:2 | Reached skill level 10 in Dodging
 38418 | Shoals:2 | XOM: give mutation
 38418 | Shoals:2 | Lost mutation: You sometimes lose your temper in combat.
                  | [Xom's mischief]
 38421 | Shoals:2 | Reached XP level 19. HP: 141/269 MP: 19/19
 38426 | Shoals:2 | Reached skill level 7 in Armour
 38902 | Shoals:2 | XOM: polymorph cyclops -> eye of devastation
 39067 | Shoals:2 | XOM: confusion (+ monsters)
 39193 | Shoals:3 | XOM: confuse monster(s)
 39196 | Shoals:3 | Reached skill level 8 in Armour
 39215 | Shoals:3 | Found Cig Deli's Jewellery Shoppe.
 39216 | Shoals:3 | XOM: enchant monster (bad)
 39224 | Shoals:3 | XOM: polymorph sea snake -> golden eye
 39230 | Shoals:3 | Gained mutation: Potions are less effective at restoring
                  | your health. [hidden defects]
 39230 | Shoals:3 | Lost mutation: You have hidden genetic defects. [hidden
                  | defects expressed]
 39250 | Shoals:3 | Noticed Polyphemus
 39269 | Shoals:3 | Killed Polyphemus
 39270 | Shoals:3 | XOM: polymorph sea snake -> glass eye
 39284 | Shoals:3 | Found Lutaseh's Antique Armour Shoppe.
 39284 | Shoals:3 | Identified the +0 halberd of Patterns {freeze, rPois}
 39585 | Shoals:3 | XOM: summons friendly ufetubus
 39623 | Shoals:3 | Reached skill level 9 in Armour
 39659 | Shoals:3 | Found Licut's Weapon Boutique.
 39670 | Shoals:3 | XOM: give mutation
 39670 | Shoals:3 | Lost mutation: Your spells are a little harder to cast, but
                  | a little more powerful. [Xom's mischief]
 39705 | Shoals:3 | Found a transporter.
 39729 | Shoals:3 | Found Jeghuoce's Magic Scroll Shoppe.
 39764 | Shoals:3 | Found a transporter.
 39777 | Shoals:3 | XOM: cloud trail
 39798 | Shoals:3 | Bought a scroll of blinking for 112 gold pieces
 39798 | Shoals:3 | Bought a scroll of blinking for 112 gold pieces
 39798 | Shoals:3 | Bought a scroll of blinking for 112 gold pieces
 39798 | Shoals:3 | Bought a scroll of immolation for 60 gold pieces
 39815 | Shoals:3 | Found Piplyzik's Distillery.
 39822 | Shoals:3 | Found Venkor's Weapon Shoppe.
 39823 | Shoals:3 | Bought a potion of curing for 48 gold pieces
 39823 | Shoals:3 | Bought a potion of heal wounds for 80 gold pieces
 39823 | Shoals:3 | Bought a potion of heal wounds for 80 gold pieces
 39823 | Shoals:3 | Bought a potion of heal wounds for 80 gold pieces
 39826 | Shoals:3 | XOM: 1-stop teleportation journey
 39925 | Shoals:3 | You pick up a book of Storms and begin reading...
 39925 | Shoals:3 | You add the spells Static Discharge and Summon Lightning
                  | Spire to your library.
 40025 | Shoals:3 | Identified the ring of Rosyarph {rF+ Str-3 Int+6 Dex+3
                  | Stlth+}
 40176 | Shoals:4 | Entered Level 4 of the Shoals
 40221 | Shoals:4 | Identified the +6 arbalest of Midnight {freeze, ^Fragile
                  | Fly Dex+3}
 40297 | Shoals:4 | XOM: god gift: scroll labelled BIADANN DAIHACU {god gift}
 40399 | Shoals:4 | XOM: confuse monster(s)
 40407 | Shoals:4 | Reached skill level 10 in Armour
 40511 | Shoals:4 | Reached skill level 1 in Shields
 40512 | Shoals:4 | XOM: potion effect (might)
 40527 | Shoals:4 | XOM: divination: detect items
 40529 | Shoals:4 | XOM: divination: magic mapping
 40532 | Shoals:4 | Reached skill level 2 in Shields
 40540 | Shoals:4 | Reached skill level 3 in Shields
 40541 | Shoals:4 | XOM: snakes to sticks
 40547 | Shoals:4 | Paralysed by a formless jellyfish for 1 turns
 40548 | Shoals:4 | HP: 62/269 [snapping turtle (24)]
 40567 | Shoals:4 | HP: 67/269 [wind drake/the air (3)]
 40729 | Shoals:4 | XOM: polymorph snapping turtle -> snapping turtle
 40756 | Shoals:4 | Identified a potion of experience
 40756 | Shoals:4 | XOM: 5-stop teleportation journey
 40789 | Shoals:4 | XOM: god gift: 14 gold pieces
 40813 | Shoals:4 | Reached skill level 4 in Shields
 40920 | Shoals:4 | Identified the +3 long sword of Temperance {speed, rPois
                  | rCorr Str-5}
 41037 | Shoals:4 | Reached skill level 6 in Shields
 41037 | Shoals:4 | Reached XP level 20. HP: 263/281 MP: 20/20
 41048 | Shoals:4 | XOM: summons friendly white imp
 41053 | Shoals:4 | XOM: cast spell 'Olgreb's Toxic Radiance'
 41451 | Shoals:4 | XOM: polymorph merfolk javelineer -> salamander
 41594 | Shoals:4 | Reached skill level 7 in Shields
 41713 | Shoals:4 | You pick up a book of the Warp and begin reading...
 41713 | Shoals:4 | You add the spells Manifold Assault, Dispersal and
                  | Disjunction to your library.
 42019 | Shoals:4 | Got a barnacled rune of Zot
 42064 | Shoals:4 | You pick up a book of the Earth and begin reading...
 42064 | Shoals:4 | You add the spells Leda's Liquefaction and Lee's Rapid
                  | Deconstruction to your library.
 42175 | Shoals:4 | XOM: cast spell 'Summon Hydra'
 42427 | Vaults:1 | Entered Level 1 of the Vaults
 42439 | Vaults:1 | Reached skill level 8 in Shields
 42456 | Vaults:1 | XOM: potion effect (haste)
 42457 | Vaults:1 | XOM: polymorph ironbound preserver -> shock serpent
 42533 | Vaults:1 | Identified a scroll of acquirement
 42534 | Vaults:1 | Acquired the amulet of Rokhioll {RegenMP ^Fragile rElec
                  | Will+ Dex+5}
 42552 | Vaults:1 | Found a runed translucent door.
 42552 | Vaults:1 | Found a shimmering altar of Xom.
 42552 | Vaults:1 | Noticed Kamets Paeg's ghost (master HuCj)
 42687 | Vaults:1 | Reached skill level 9 in Shields
 42687 | Vaults:1 | XOM: cast spell 'Summon Cactus Giant'
 42694 | Vaults:1 | XOM: divination: detect creatures
 42703 | Vaults:1 | XOM: chaos upgrade
 42722 | Vaults:1 | Noticed Norris
 42730 | Vaults:1 | XOM: confusion
 42736 | Vaults:1 | Killed Norris
 42783 | Vaults:1 | XOM: 2-stop teleportation journey
 42810 | Vaults:1 | XOM: stat loss: -1 Int (12/13)
 42815 | Vaults:1 | XOM: god gift: 54 gold pieces
 43048 | Vaults:1 | Reached XP level 21. HP: 244/291 MP: 21/21
 43062 | Vaults:1 | Reached skill level 10 in Shields
 43483 | Vaults:1 | XOM: stat loss: -1 Str (29/30)
 43536 | Vaults:1 | Reached skill level 11 in Shields
 43691 | Vaults:1 | XOM: 1-stop teleportation journey
 43868 | Vaults:1 | You pick up a book of the Wilderness and begin reading...
 43936 | Vaults:1 | XOM: cloud trail
 43998 | Vaults:1 | Found Adepn's Assorted Antiques.
 44005 | Vaults:1 | Bought a potion of heal wounds for 170 gold pieces
 44005 | Vaults:1 | Bought a scroll of enchant armour for 255 gold pieces
 44027 | Vaults:1 | XOM: cloud trail
 44343 | D:11     | Bought the +1 cloak of Daeschir {rPois SInv} for 298 gold
                  | pieces
 44374 | D:11     | XOM: silly message
 44476 | Vaults:2 | XOM: noise
 44686 | Vaults:2 | You pick up a book of Flames and begin reading...
 44686 | Vaults:2 | You add the spells Inner Flame, Sticky Flame and Flame Wave
                  | to your library.
 44705 | Vaults:2 | XOM: god gift: potion of attraction
 44713 | Vaults:2 | Identified the +4 arbalest "Wisun" {heavy, rC+ Will+ Int+2
                  | Dex+2}
 44806 | Vaults:2 | XOM: divine lightning
 44812 | Vaults:2 | Reached skill level 12 in Shields
 44813 | Vaults:2 | XOM: enchant monster (good)
 45052 | Vaults:2 | XOM: polymorph ironbound preserver -> shapeshifter
 45058 | Vaults:2 | XOM: summons 8 friendly demons
 45175 | Vaults:2 | XOM: enchant monster (good)
 45207 | Vaults:2 | XOM: give mutations
 45207 | Vaults:2 | Gained mutation: You are somewhat resistant to further
                  | mutation. [Xom's grace]
 45207 | Vaults:2 | Gained mutation: You are very robust. (+20% HP) [Xom's
                  | grace]
 45257 | Vaults:2 | Noticed Donald
 45265 | Vaults:2 | Killed Donald
 45527 | Vaults:2 | Reached skill level 13 in Shields
 45598 | Vaults:2 | You pick up a book of the Tundra and begin reading...
 45598 | Vaults:2 | You add the spells Hailstorm, Summon Ice Beast and
                  | Simulacrum to your library.
 46155 | Vaults:3 | XOM: noise
 46161 | Vaults:3 | XOM: divination: magic mapping
 46580 | Slime:1  | Entered Level 1 of the Pits of Slime
 46825 | Lair:1   | XOM is BORED!
 46825 | Lair:1   | XOM: silly message
 46899 | Slime:1  | XOM: potion effect (curing)
 47229 | Slime:1  | XOM: potion effect (curing)
 47230 | Lair:4   | XOM: swap monsters
 47251 | Slime:1  | Reached skill level 14 in Shields
 47297 | Slime:1  | XOM: 5-stop teleportation journey
 47397 | Slime:3  | XOM: smoke on damage
 47455 | Slime:3  | XOM: 2-stop teleportation journey
 47511 | Slime:4  | XOM: cast spell 'Summon Dragon'
 47532 | Slime:4  | XOM: polymorph ice dragon -> glowing shapeshifter
 47548 | Slime:5  | Entered Level 5 of the Pits of Slime
 47646 | Slime:5  | XOM: silly message
 47876 | Slime:5  | Noticed the Royal Jelly
 47878 | Slime:5  | XOM: confuse monster(s)
 47884 | Slime:5  | Reached skill level 15 in Shields
 47893 | Slime:5  | Found a viscous altar of Jiyva.
 47906 | Slime:5  | Reached XP level 22. HP: 307/330 MP: 22/22
 47931 | Slime:5  | Fell from the grace of Xom
 47931 | Slime:5  | Became a worshipper of Jiyva Jeboits the Shapeless
 48611 | Vaults:3 | Found Vatueq's Antique Armour Emporium.
 48664 | Vaults:3 | Reached skill level 16 in Shields
 48828 | Vaults:3 | Found a staircase to the Crypt.
 48828 | Vaults:3 | Found an ancient bone altar of Kikubaaqudgha.
 48829 | Vaults:3 | Found a basalt altar of Yredelemnul.
 48847 | Vaults:3 | Reached * piety under Jiyva
 49428 | Vaults:3 | Bought a brightly glowing scarf for 410 gold pieces
 49428 | Vaults:3 | Identified the scarf "Leacaji" {harm, rN+++ Str-4 Stlth+}
                  | (You bought it in a shop on level 3 of the Vaults)
 49512 | Vaults:4 | Reached ** piety under Jiyva
 49584 | Vaults:4 | Noticed Jory
 49586 | Vaults:4 | Reached skill level 17 in Shields
 49599 | Vaults:4 | Killed Jory
 49663 | Vaults:4 | XOM: 4-stop teleportation journey
 49740 | Vaults:4 | XOM: polymorph jelly -> shapeshifter
 50096 | Vaults:4 | Reached *** piety under Jiyva
 50118 | Vaults:4 | Lost mutation: You have a pair of large horns on your head.
                  | [Jiyva's grace]
 50118 | Vaults:4 | Lost mutation: You have supernaturally acute eyesight.
                  | (SInv) [Jiyva's grace]
 50118 | Vaults:4 | Lost mutation: Your flesh is heat resistant. (rF+) [Jiyva's
                  | grace]
 50118 | Vaults:4 | Lost mutation: You are somewhat resistant to further
                  | mutation. [Jiyva's grace]
 50118 | Vaults:4 | Lost mutation: Potions are less effective at restoring your
                  | health. [Jiyva's grace]
 50118 | Vaults:4 | Lost mutation: You expend magic power (3 MP) to strengthen
                  | your wands. [Jiyva's grace]
 50118 | Vaults:4 | Gained mutation: You possess an exceptional clarity of
                  | mind. [Jiyva's grace]
 50118 | Vaults:4 | Gained mutation: Your muscles are strong. (Str +4, Int/Dex
                  | -1) [Jiyva's grace]
 50118 | Vaults:4 | Gained mutation: Your muscles are very strong. (Str +8,
                  | Int/Dex -2) [Jiyva's grace]
 50118 | Vaults:4 | Gained mutation: Armour fits poorly on your pseudopods.
                  | [Jiyva's grace]
 50125 | Vaults:4 | Found a runed translucent gate.
 50125 | Vaults:4 | Found a runed translucent gate.
 50125 | Vaults:4 | Found a runed translucent gate.
 50125 | Vaults:4 | Noticed Gorgor's ghost (adept MiFi)
 50144 | Vaults:4 | Found Poppir's Magic Scroll Boutique.
 50152 | Vaults:4 | Bought a scroll of blinking for 112 gold pieces
 50152 | Vaults:4 | Bought a scroll of revelation for 112 gold pieces
 50260 | Vaults:4 | XOM: god gift: club {god gift}
 50349 | Vaults:4 | Killed Gorgor's ghost
 50761 | Elf:1    | Entered Level 1 of the Elven Halls
 50761 | Elf:1    | Noticed Nikola
 50767 | Elf:1    | Killed Nikola
 50779 | Elf:1    | Reached skill level 18 in Shields
 51035 | Elf:1    | Found a huge runed translucent gate.
 51036 | Elf:1    | Found a huge runed translucent gate.
 51037 | Elf:1    | Found a huge runed translucent gate.
 51037 | Elf:1    | Found a huge runed translucent gate.
 51038 | Elf:1    | Found a huge runed translucent gate.
 51039 | Elf:1    | Found a huge runed translucent gate.
 51039 | Elf:1    | Found a huge runed translucent gate.
 51039 | Elf:1    | Found a huge runed translucent gate.
 51039 | Elf:1    | Found a huge runed translucent gate.
 51039 | Elf:1    | Found a huge runed translucent gate.
 51040 | Elf:1    | Found a huge runed translucent gate.
 51040 | Elf:1    | Found a huge runed translucent gate.
 51040 | Elf:1    | Found a huge runed translucent gate.
 51040 | Elf:1    | Found a huge runed translucent gate.
 51040 | Elf:1    | Found a huge runed translucent gate.
 51040 | Elf:1    | Found a huge runed translucent gate.
 51040 | Elf:1    | Found a huge runed translucent gate.
 51040 | Elf:1    | Found a huge runed translucent gate.
 51041 | Elf:1    | Found a huge runed translucent gate.
 51041 | Elf:1    | Found a huge runed translucent gate.
 51208 | Elf:1    | Noticed Agnes
 51220 | Elf:1    | Killed Agnes
 51253 | Elf:1    | Reached **** piety under Jiyva
 51475 | Elf:1    | XOM: noise
 51484 | Elf:1    | Found a runed translucent gate.
 51485 | Elf:1    | Found a runed translucent gate.
 51491 | Elf:1    | Found a runed translucent gate.
 51492 | Elf:1    | Noticed Milesaru's ghost (adept DsNe)
 51782 | Elf:2    | Reached XP level 23. HP: 335/340 MP: 23/23
 51840 | Elf:2    | Reached ***** piety under Jiyva
 51894 | Elf:2    | XOM: 1-stop teleportation journey
 51916 | Elf:2    | Reached skill level 19 in Shields
 52050 | Elf:2    | XOM: give mutation
 52050 | Elf:2    | Lost mutation: You occasionally lose the ability to read
                  | scrolls when taking damage. [Xom's mischief]
 52083 | Elf:2    | Found a huge runed translucent gate.
 52084 | Elf:2    | Found a huge runed translucent gate.
 52087 | Elf:2    | Found a huge runed translucent gate.
 52088 | Elf:2    | Lost mutation: You have a pair of horns on your head.
                  | [Jiyva's grace]
 52088 | Elf:2    | Lost mutation: You possess an exceptional clarity of mind.
                  | [Jiyva's grace]
 52088 | Elf:2    | Lost mutation: You are very robust. (+20% HP) [Jiyva's
                  | grace]
 52088 | Elf:2    | Lost mutation: Your muscles are very strong. (Str +8,
                  | Int/Dex -2) [Jiyva's grace]
 52088 | Elf:2    | Gained mutation: You are strong-willed. (Will+) [Jiyva's
                  | grace]
 52088 | Elf:2    | Gained mutation: You are highly strong-willed. (Will++)
                  | [Jiyva's grace]
 52088 | Elf:2    | Gained mutation: You are extremely strong-willed. (Will+++)
                  | [Jiyva's grace]
 52088 | Elf:2    | Gained mutation: Your rubbery body absorbs attacks. (AC +1,
                  | EV +1) [Jiyva's grace]
 52088 | Elf:2    | Found a huge runed translucent gate.
 52089 | Elf:2    | Found a huge runed translucent gate.
 52274 | Elf:2    | Identified the +4 bardiche of the Invisible Beasts {vamp,
                  | rPois}
 52419 | Elf:2    | Found Ibeotaj's Tiny Tomes.
 52582 | Elf:3    | Entered Level 3 of the Elven Halls
 52586 | Elf:3    | XOM: 1-stop teleportation journey
 52645 | Elf:3    | Noticed Bai Suzhen
 52662 | Elf:3    | Killed Bai Suzhen
 52746 | Elf:3    | You pick up a book of Power and begin reading...
 52805 | Elf:3    | XOM: 2-stop teleportation journey
 52844 | Elf:3    | Found Sokeruluil's Weapon Shoppe.
 52866 | Elf:3    | You add the spells Malign Gateway and Summon Horrible
                  | Things to your library.
 53266 | Elf:3    | XOM: noise
 53327 | Elf:3    | Found Cyckast's Book Emporium.
 53327 | Elf:3    | Found Ithubrou's Jewellery Shop.
 53328 | Elf:3    | Found Worainev's Book Emporium.
 53459 | Elf:3    | Reached skill level 20 in Shields
 53540 | Elf:3    | Reached skill level 11 in Armour
 53550 | Elf:3    | XOM: enchant monster (bad)
 53621 | Elf:3    | XOM: give mutation
 53621 | Elf:3    | Lost mutation: Your muscles are strong. (Str +4, Int/Dex
                  | -1) [Xom's mischief]
 53640 | Elf:3    | You add the spells Momentum Strike, Volatile Blastmotes,
                  | Summon Guardian Golem and Animate Armour to your library.
 53640 | Elf:3    | Got Sif Muna's Codex of Displaced Beckoning
 53684 | Elf:3    | Identified the +6 morningstar of the Jolly Tales {heavy,
                  | rC++}
 53684 | Elf:3    | Identified the ring "Mydol" {AC+4 Str+3 Int+7}
 53733 | Elf:3    | Identified the staff of Corpus Delicti {rC- SInv Stlth+
                  | Earth}
 53736 | Elf:3    | Identified the +1 halberd of the Ghost {drain, rElec}
 53740 | Elf:3    | Identified the +7 shortbow of the Smoking Gods {flame,
                  | Str+4 Dex+2}
 53787 | Elf:3    | You add the spells Apportation and Passage of Golubria to
                  | your library.
 53787 | Elf:3    | Got the Octavo of the Nocuous Traveller
 53790 | Elf:3    | Identified the +0 ring mail of the Spheres {Fly rC+ Str+4}
 53822 | Elf:3    | Got the Secrets of Wintry Curses
 54032 | Elf:1    | XOM: noise
 54188 | Depths:1 | Entered Level 1 of the Depths
 54217 | Depths:1 | Found a one-way gateway to a ziggurat.
 54299 | Depths:1 | Reached skill level 12 in Armour
 54311 | Depths:1 | Found a broken altar of Ashenzari.
 54347 | Depths:1 | XOM: give mutations
 54347 | Depths:1 | Lost mutation: You have large cloven feet. [Xom's grace]
 54347 | Depths:1 | Gained mutation: You have sharp toenails. [Xom's grace]
 54347 | Depths:1 | Gained mutation: You have an increased reservoir of magic.
                  | (+10% MP) [Xom's grace]
 54347 | Depths:1 | Gained mutation: You have hidden genetic potential. [Xom's
                  | grace]
 54347 | Depths:1 | Lost mutation: You have hidden genetic potential. [Xom's
                  | grace]
 54347 | Depths:1 | Gained mutation: You are somewhat resistant to further
                  | mutation. [Xom's grace]
 54458 | Depths:1 | Noticed Mara
 54466 | Depths:1 | Noticed MackTheKnife's illusion
 54475 | Depths:1 | Killed Mara
 54488 | Depths:1 | Lost mutation: You are extremely strong-willed. (Will+++)
                  | [Jiyva's grace]
 54488 | Depths:1 | Gained mutation: Your body has grown eyes which may confuse
                  | attackers. (Acc +3) [Jiyva's grace]
 54488 | Depths:1 | Gained mutation: Your body has grown many eyes which may
                  | confuse attackers. (Acc +5) [Jiyva's grace]
 54488 | Depths:1 | Gained mutation: Your body is covered in eyes which may
                  | confuse attackers. (Acc +7, SInv) [Jiyva's grace]
 54488 | Depths:1 | Gained mutation: You have a small jelly attached to you
                  | that senses nearby items. [Jiyva's grace]
 54490 | Depths:1 | Found a gateway to Hell.
 54499 | Depths:1 | Reached skill level 20 in Axes
 54512 | Depths:1 | You add the spells Kiss of Death, Necrotise and Sublimation
                  | of Blood to your library.
 54512 | Depths:1 | Got the Elucidation of Coarse Evil
 54573 | Depths:1 | XOM: stat loss: -2 Str (28/30)
 54773 | Depths:1 | XOM: give mutations
 54773 | Depths:1 | Lost mutation: You have an increased reservoir of magic.
                  | (+10% MP) [Xom's mischief]
 54773 | Depths:1 | Lost mutation: You are partially covered in iridescent
                  | scales. (AC +2) [Xom's mischief]
 54773 | Depths:1 | Gained mutation: Your body sometimes deteriorates upon
                  | taking damage. [Xom's mischief]
 54773 | Depths:1 | Lost mutation: A frigid envelope surrounds you and freezes
                  | all who hurt you. [Xom's mischief]
 54825 | Depths:1 | Reached ****** piety under Jiyva
 55050 | Slime:1  | XOM: summons 14 hostile demons
 55089 | Slime:5  | Identified the +3 leather armour "Wuxugh" {rF++ Dex+3 SInv
                  | Stlth+}
 55091 | Slime:5  | Got a slimy rune of Zot
 55092 | Slime:5  | Got a starry gem with 41 turns to spare
 55094 | Slime:5  | Got the Precepts of Exhalation
 55100 | Slime:5  | Identified the ring "Otigymoq" {rN+ Str+3 Int+3 Dex+3}
 55100 | Slime:5  | XOM: polymorph acid blob -> fenstrider witch
 55104 | Slime:5  | You pick up a book of Debilitation and begin reading...
 55104 | Slime:5  | You add the spells Slow, Vampiric Draining and Confusing
                  | Touch to your library.
 55106 | Slime:5  | You pick up a book of Callings and begin reading...
 55116 | Slime:5  | You pick up a book of Misfortune and begin reading...
 55116 | Slime:5  | You add the spells Jinxbite, Yara's Violent Unravelling and
                  | Enfeeble to your library.
 55126 | Slime:5  | You pick up a book of Flames and begin reading...
 55132 | Slime:5  | Lost the starry gem through the power of Zot.
 55140 | Slime:5  | Got the Thoughts on Synthesis
 55155 | Slime:5  | Identified the +5 orcbow "Miptiyz" {flame, ^Contam rPois
                  | Str+4 Dex-5}
 55161 | Slime:5  | You pick up a book of Lightning and begin reading...
 55184 | Slime:5  | Identified the +1 chain mail of Suish {Will+}
 55865 | Depths:3 | Found a one-way gate to the infinite horrors of the Abyss.
 55935 | Depths:3 | Found a one-way gate leading to the halls of Pandemonium.
 56062 | Depths:3 | Reached XP level 24. HP: 302/324 MP: 23/23
 56241 | Depths:3 | Reached skill level 11 in Evocations
 56529 | Depths:4 | Entered Level 4 of the Depths
 56696 | Depths:4 | XOM: give mutations
 56696 | Depths:4 | Lost mutation: Your rubbery body absorbs attacks. (AC +1,
                  | EV +1) [Xom's mischief]
 56696 | Depths:4 | Gained mutation: You are dopey. (Int -2) [Xom's mischief]
 56696 | Depths:4 | Lost mutation: You have sharp toenails. [Xom's mischief]
 56696 | Depths:4 | Gained mutation: You do not regenerate when monsters are
                  | visible. [Xom's mischief]
 56702 | Depths:4 | Lost mutation: Armour fits poorly on your pseudopods.
                  | [potion of mutation]
 56702 | Depths:4 | Lost mutation: You are somewhat resistant to further
                  | mutation. [potion of mutation]
 56702 | Depths:4 | Lost mutation: You are robust. (+10% HP) [potion of
                  | mutation]
 56702 | Depths:4 | Gained mutation: You possess an exceptional clarity of
                  | mind. [potion of mutation]
 56703 | Depths:4 | Lost mutation: You possess an exceptional clarity of mind.
                  | [potion of mutation]
 56703 | Depths:4 | Lost mutation: You have a small jelly attached to you that
                  | senses nearby items. [potion of mutation]
 56703 | Depths:4 | Lost mutation: You do not regenerate when monsters are
                  | visible. [potion of mutation]
 56703 | Depths:4 | Gained mutation: You occasionally lose the ability to read
                  | scrolls when taking damage. [potion of mutation]
 56703 | Depths:4 | Lost mutation: Your body is covered in eyes which may
                  | confuse attackers. (Acc +7, SInv) [potion of mutation]
 56703 | Depths:4 | Gained mutation: You have large cloven feet. [potion of
                  | mutation]
 56704 | Depths:4 | Lost mutation: You are highly strong-willed. (Will++)
                  | [potion of mutation]
 56704 | Depths:4 | Lost mutation: You have large cloven feet. [potion of
                  | mutation]
 56704 | Depths:4 | Lost mutation: You occasionally lose the ability to read
                  | scrolls when taking damage. [potion of mutation]
 56704 | Depths:4 | Gained mutation: Your flesh is cold resistant. (rC+)
                  | [potion of mutation]
 56704 | Depths:4 | Gained mutation: You are partially covered in iridescent
                  | scales. (AC +2) [potion of mutation]
 56738 | Depths:4 | Found a gate to the Realm of Zot.
 56742 | Depths:4 | Got a midnight gem with 1117 turns to spare
 56744 | Zot:1    | Entered Level 1 of the Realm of Zot
 56778 | Zot:1    | Noticed an orb of fire
 56791 | Zot:1    | Gained mutation: Potions are less effective at restoring
                  | your health. [an orb of fire]
 56791 | Zot:1    | Gained mutation: Your spells are a little easier to cast,
                  | but a little less powerful. [an orb of fire]
 56793 | Zot:1    | Gained mutation: Your health recovers twice as slowly from
                  | being drained. [an orb of fire]
 56796 | Zot:1    | Killed an orb of fire
 56893 | Zot:1    | Identified the ring of the Firefly {rC+ rN+}
 56977 | Zot:1    | Reached skill level 21 in Axes
 57138 | Zot:3    | Reached skill level 12 in Evocations
 57233 | Zot:4    | +0 storm dragon scales {rare}; a storm dragon corpse
 57240 | Zot:4    | Noticed a curse toe
 57255 | Zot:4    | Killed a curse toe
 57261 | Zot:4    | +0 storm dragon scales {rare}; a storm dragon corpse
 57266 | Zot:4    | XOM: 1-stop teleportation journey
 57266 | Zot:4    | Was forgiven by Xom
 57427 | Zot:4    | Lost mutation: Your body sometimes deteriorates upon taking
                  | damage. [Jiyva's grace]
 57427 | Zot:4    | Lost mutation: You are strong-willed. (Will+) [Jiyva's
                  | grace]
 57427 | Zot:4    | Lost mutation: Your body has grown many eyes which may
                  | confuse attackers. (Acc +5) [Jiyva's grace]
 57427 | Zot:4    | Lost mutation: Your spells are a little easier to cast, but
                  | a little less powerful. [Jiyva's grace]
 57427 | Zot:4    | Lost mutation: Your health recovers twice as slowly from
                  | being drained. [Jiyva's grace]
 57427 | Zot:4    | Gained mutation: You have supernaturally acute eyesight.
                  | (SInv) [Jiyva's grace]
 57427 | Zot:4    | Gained mutation: You are covered in slimy tendrils that may
                  | disarm your opponents. [Jiyva's grace]
 57427 | Zot:4    | Gained mutation: Your rubbery body absorbs attacks. (AC +1,
                  | EV +1) [Jiyva's grace]
 57427 | Zot:4    | Gained mutation: Your pliable body absorbs attacks. (AC +2,
                  | EV +2) [Jiyva's grace]
 57443 | Zot:5    | Entered Level 5 of the Realm of Zot
 57757 | Zot:5    | Got a prismatic gem with 563 turns to spare
 57939 | Zot:5    | Noticed a Killer Klown
 57939 | Zot:5    | Noticed a dread lich
 57939 | Zot:5    | Noticed an electric golem
 57939 | Zot:5    | Noticed an ancient lich
 57940 | Zot:5    | Noticed an ancient lich
 57941 | Zot:5    | Noticed an ancient lich
 57941 | Zot:5    | Noticed an orb of fire
 57941 | Zot:5    | Gained mutation: You are very dopey. (Int -4) [an orb of
                  | fire]
 57944 | Zot:5    | Got the Orb of Zot
 58006 | Zot:4    | +0 storm dragon scales {rare}; a storm dragon skeleton
 58393 | D:7      | Identified +0 pearl dragon scales
 58393 | D:7      | Noticed a seraph
 58480 | D:2      | Noticed Natasha
 58512 | D:$      | Escaped with the Orb!

Vanquished Creatures
  An orb of fire (Zot:1)
  Mara (Depths:1)
  Bai Suzhen (Elf:3)
  A curse toe (Zot:4)
  Nikola (Elf:1)
  A golden dragon (Zot:1)
  Norris (Vaults:1)
  Jory (Vaults:4)
  The ghost of Gorgor the Warrior, an adept MiFi of Okawaru (Vaults:4)
  A Tzitzimitl (Depths:3)
  7 tentacled monstrosities
  Mlioglotl (Shoals:1)
  5 deep elf blademasters (Elf:3)
  7 Orb Guardians
  A quicksilver dragon (Zot:5)
  11 acid blobs
  A tentacled starspawn (Abyss:1)
  A kraken (Shoals:2)
  7 deep elf master archers
  5 sphinxes
  Polyphemus (Shoals:3)
  Kirke (Spider:1)
  A tengu reaver (Vaults:3)
  Agnes (Elf:1)
  A storm dragon (Zot:4)
  The ghost of DavidJohnTaylorOni the Bludgeoner, a journeyman OnFi of Gozag (Orc:1)
  2 death cobs (Zot:4)
  3 shadow dragons
  Donald (Vaults:2)
  3 emperor scorpions
  2 azure jellies
  5 fire giants
  A draconian monk (Zot:2)
  2 ghost moths
  A draconian scorcher (Zot:4)
  8 vault wardens
  6 deep elf sorcerers (Elf:3)
  A frost giant (Depths:3)
  A draconian shifter (Zot:4)
  2 iron dragons (Depths:4)
  4 rockslimes
  A cacodemon (Depths:3)
  A draconian stormcaller (Zot:2)
  2 deep elf elementalists
  2 orc warlords
  2 draconian annihilators (Zot:4)
  A broodmother (Spider:3)
  6 formless jellyfish
  4 very ugly things
  7 ironbound thunderhulks
  9 ironbound preservers
  5 green draconians
  3 deep elf death magi (Elf:3)
  5 stone giants
  3 vampire knights
  2 white draconians
  6 black draconians
  5 deep elf annihilators (Elf:3)
  2 deep elf demonologists (Elf:3)
  8 dire elephants
  3 yellow draconians
  5 red draconians
  A lorocyproca (Abyss:1)
  3 spark wasps
  A purple draconian (Zot:4)
  12 merfolk impalers
  3 fire dragons (Depths:1)
  5 merfolk javelineers
  4 ettins
  A quicksilver dragon zombie (D:15)
  11 yaktaur captains
  A deep elf high priest (Elf:3)
  2 ice dragons
  A shambling mangrove (Lair:1)
  12 vault guards
  Erolcha (Orc:2)
  2 peacekeepers
  A rakshasa (Depths:2)
  8 entropy weavers
  4 great orbs of eyes
  3 catoblepae
  8 ironbound frosthearts
  A caustic shrike simulacrum (IceCv)
  5 hydras
  2 merfolk avatars (Shoals:4)
  3 spriggan air magi
  2 jorogumos
  7 merfolk aquamancers
  A satyr (shapeshifter) (Vaults:2)
  16 centaur warriors
  11 two-headed ogres
  Erica (D:11)
  5 ogre magi
  13 boulder beetles
  20 dancing weapons
  20 death yaks
  6 radroaches
  2 satyrs (Shoals:4)
  A thrashing horror (Abyss:1)
  12 demonic crawlers
  A sphinx skeleton (D:15)
  3 tengu warriors
  3 deep troll shamans
  A spectral storm dragon (Vaults:4)
  2 spriggan berserkers (Depths:4)
  5 deep troll earth magi
  Urug (Lair:5)
  A vampire mage (D:15)
  4 orc high priests
  8 hell knights (Depths:3)
  A soul eater (Abyss:1)
  Nergalle (D:11)
  A shock serpent (Vaults:1)
  4 iron trolls (Depths:3)
  2 sun demons
  A storm dragon zombie (Abyss:1)
  A wretched star (Abyss:1)
  2 sixfirhies
  A shadow wraith (Abyss:1)
  14 deep elf knights
  A quicksilver dragon simulacrum (Vaults:4)
  7 skysharks
  17 skeletal warriors
  Sonja (Orc:1)
  8 pharaoh ants
  14 sea snakes
  37 deep trolls
  2 glowing orange brains
  10 deep elf archers
  4 arcanists
  A kraken simulacrum (Shoals:4)
  An orange crystal statue (IceCv)
  7 lindwurms
  6 orb spiders
  14 steelbarb worms
  15 ironbound convokers
  An orc knight (D:14)
  15 harpies
  27 ugly things
  24 deep elf pyromancers
  16 deep elf zephyrmancers
  22 wolf spiders
  10 orc sorcerers
  7 necromancers
  13 manticores
  3 salamanders
  5 fauns
  10 elephants
  A shining eye (Slime:5)
  8 merfolk sirens
  3 kobold blastminers
  10 cyclopes
  A large abomination (D:8)
  13 moths of wrath
  7 water nymphs
  3 eyes of devastation
  17 vault sentinels
  9 black mambas
  3 gargoyles
  A molten gargoyle (Depths:3)
  A black mamba (shapeshifter) (D:14)
  20 cane toads
  6 torpor snails
  Maggie (Lair:1)
  4 rime drakes
  4 freezing wraiths
  13 komodo dragons
  4 unseen horrors
  A kobold demonologist (D:11)
  14 yaktaurs
  3 tengu conjurers
  An efreet (Abyss:1)
  An ancient zyme (Abyss:1)
  3 trolls
  A spectral glowing shapeshifter (Vaults:4)
  A queen bee (shapeshifter) (D:13)
  32 merfolk
  2 trolls (shapeshifter)
  13 meliai
  6 polar bears
  A queen bee (D:11)
  A tyrant leech (D:12)
  5 wind drakes
  20 tarantellas
  A tengu simulacrum (Vaults:4)
  5 hornets
  7 dream sheep
  A shadow dragon simulacrum (Vaults:4)
  A glass eye (Shoals:3)
  A harpy skeleton (Abyss:1)
  8 blink frogs
  13 snapping turtles
  16 jumping spiders
  15 culicivoras
  65 slime creatures
  3 air elementals (Elf:2)
  A spriggan (Depths:4)
  Sigmund (D:2)
  5 shadows
  A centaur simulacrum (D:15)
  7 water elementals
  A ynoxinul (Abyss:1)
  2 spectral humans (Vaults:4)
  2 hogs (Spider:1)
  A yak (shapeshifter) (D:14)
  A wraith (D:11)
  6 wyverns
  4 basilisks
  A wyvern (shapeshifter) (D:14)
  A dire elephant simulacrum (IceCv)
  39 yaks
  2 vampires
  3 fire elementals
  33 redbacks
  10 vampire mosquitoes
  A yaktaur simulacrum (Vaults:4)
  10 wargs
  6 golden eyes
  4 human simulacra (Vaults:4)
  A death yak simulacrum (Lair:5)
  A steam dragon (Lair:2)
  A neqoxec (Abyss:1)
  A harpy simulacrum (IceCv)
  A spectral cane toad (Lair:5)
  A chaos spawn (Abyss:1)
  2 acid dragons (D:11)
  4 hell hounds (Abyss:1)
  A hydra simulacrum (IceCv)
  15 water moccasins
  2 elephant zombies (Lair:5)
  Duvessa (D:7)
  27 orc warriors
  A black bear (Lair:3)
  2 small abominations (Abyss:1)
  An ice beast (D:5)
  2 ettin simulacra (IceCv)
  12 wolves
  15 ogres
  6 boggarts
  17 centaurs
  2 phantoms
  2 kobold brigands
  18 bullfrogs
  2 scorpions
  2 earth elementals (Elf:3)
  A glowing shapeshifter simulacrum (Vaults:4)
  A gnoll sergeant (D:11)
  A cane toad simulacrum (Lair:5)
  8 wights
  2 elephant simulacra (Lair:5)
  Dowan (D:7)
  15 killer bees
  A lindwurm simulacrum (IceCv)
  4 howler monkeys
  9 vampire bats (Bailey)
  15 electric eels
  7 wolf zombies (Bailey)
  3 lava snakes (Lair:4)
  4 hounds
  An iron imp (Abyss:1)
  5 jellies
  Crazy Yiuf (D:4)
  16 orc priests
  Natasha (D:2)
  An iguana (D:5)
  41 orc wizards
  2 hell rats (D:12)
  Terence (D:2)
  11 gnolls
  18 adders
  4 river rats (D:12)
  2 bombardier beetles
  2 white imps
  10 worms
  89 orcs
  24 ball pythons
  3 bat zombies (D:4)
  17 endoplasms
  8 giant cockroaches
  12 goblins
  9 hobgoblins
  13 quokkas
  7 bats
  11 frilled lizards
  14 kobolds
  A kobold zombie (D:8)
  12 orc zombies (Bailey)
  12 rats
  A starspawn tentacle (Abyss:1)
  4 tentacles (Shoals:2)
1830 creatures vanquished.

Vanquished Creatures (collateral kills)
  Rupert (Lair:4)
  A merfolk impaler (Shoals:4)
  A great orb of eyes (Slime:4)
  A hydra (Lair:3)
  A merfolk aquamancer (Shoals:1)
  A deep elf zephyrmancer (Elf:2)
  A water nymph (Shoals:1)
  A cane toad (Lair:3)
  A wind drake (Shoals:4)
  A snapping turtle (Shoals:4)
  A slime creature (Slime:4)
  A hydra simulacrum (IceCv)
  An ice beast (D:7)
  A centaur (D:7)
  A jelly (D:7)
  An orc (Orc:2)
16 creatures vanquished.

Vanquished Creatures (others)
  A formless jellyfish (Vaults:4)
  A draconian shifter (Zot:3)
  A draconian scorcher (Zot:2)
  A great orb of eyes (Vaults:3)
  2 dancing weapons
  A deep elf knight (Elf:3)
  A hell knight (Depths:3)
  A glowing orange brain (Depths:3)
  A steelbarb worm (Spider:1)
  A deep elf zephyrmancer (Elf:2)
  A deep elf pyromancer (Elf:2)
  A moth of wrath (shapeshifter) (Depths:3)
  A vault sentinel (Vaults:2)
  A dream sheep (Lair:5)
  A human (Spider:1)
  58 jellies
  2 wights (D:7)
  A starspawn tentacle (Abyss:1)
  8 tentacles
85 creatures vanquished.

Grand Total: 1931 creatures vanquished

Table legend:
 A = Non-vault XP
 B = Vault XP
 C = Vault XP percentage of total XP
 D = Non-vault monster count
 E = Vault monster count
 F = Vault count percentage of total count
                 A         B        C        D         E       F
            +---------+---------+-------+---------+---------+-------
      Total |  519043 |  321893 |  38.3 |    1211 |     631 |  34.3
            +---------+---------+-------+---------+---------+-------
        D:1 |      32 |       0 |   0.0 |      19 |       0 |   0.0
        D:2 |      45 |     392 |  89.7 |      20 |      14 |  41.2
        D:3 |      15 |       0 |   0.0 |      10 |       0 |   0.0
        D:4 |     325 |      47 |  12.6 |      27 |       4 |  12.9
        D:5 |     655 |       8 |   1.2 |      19 |       5 |  20.8
        D:6 |     216 |       0 |   0.0 |       6 |       0 |   0.0
        D:7 |    1135 |     201 |  15.0 |      21 |       2 |   8.7
        D:8 |    1644 |       8 |   0.5 |      22 |       5 |  18.5
        D:9 |    1766 |     108 |   5.8 |      21 |       1 |   4.5
       D:10 |    2407 |       0 |   0.0 |      17 |       0 |   0.0
       D:11 |    3546 |   10298 |  74.4 |      19 |      44 |  69.8
       D:12 |    9063 |    3982 |  30.5 |      31 |      48 |  60.8
       D:13 |    9503 |       0 |   0.0 |      19 |       0 |   0.0
       D:14 |   15441 |    3241 |  17.3 |      37 |       5 |  11.9
       D:15 |   19695 |    5449 |  21.7 |      34 |       7 |  17.1
     Lair:1 |    5994 |     456 |   7.1 |      20 |       2 |   9.1
     Lair:2 |   12284 |    2875 |  19.0 |      38 |      12 |  24.0
     Lair:3 |    3061 |   10871 |  78.0 |       7 |      37 |  84.1
     Lair:4 |   14007 |    2228 |  13.7 |      35 |       9 |  20.5
     Lair:5 |   13096 |    9287 |  41.5 |      39 |      21 |  35.0
   Shoals:1 |    4177 |    6064 |  59.2 |       9 |       7 |  43.8
   Shoals:2 |   20818 |       0 |   0.0 |      41 |       0 |   0.0
   Shoals:3 |    7859 |   11956 |  60.3 |      19 |      16 |  45.7
   Shoals:4 |   12021 |   22303 |  65.0 |      27 |      36 |  57.1
   Spider:1 |   18247 |    1857 |   9.2 |      45 |       3 |   6.2
   Spider:2 |   11999 |       0 |   0.0 |      31 |       0 |   0.0
   Spider:3 |   23865 |     875 |   3.5 |      51 |       1 |   1.9
   Spider:4 |   17811 |   21104 |  54.2 |      36 |      30 |  45.5
    Slime:1 |    2813 |       0 |   0.0 |       3 |       0 |   0.0
    Slime:2 |    2096 |       0 |   0.0 |       7 |       0 |   0.0
    Slime:3 |    8690 |       0 |   0.0 |      24 |       0 |   0.0
    Slime:4 |    7337 |       0 |   0.0 |      20 |       0 |   0.0
    Slime:5 |    4051 |   16950 |  80.7 |       7 |      14 |  66.7
      Orc:1 |    4115 |    4468 |  52.1 |      46 |      11 |  19.3
      Orc:2 |    6337 |    8374 |  56.9 |      42 |      39 |  48.1
      Elf:1 |    5509 |   15861 |  74.2 |      10 |      18 |  64.3
      Elf:2 |   12799 |   19218 |  60.0 |      29 |      26 |  47.3
      Elf:3 |   16260 |   40902 |  71.6 |      27 |      30 |  52.6
   Vaults:1 |   30335 |   15336 |  33.6 |      44 |      20 |  31.2
   Vaults:2 |   28422 |    7554 |  21.0 |      43 |       9 |  17.3
   Vaults:3 |   15867 |   22119 |  58.2 |      20 |      24 |  54.5
   Vaults:4 |   19572 |   22357 |  53.3 |      30 |      30 |  50.0
   Depths:1 |   15408 |    4137 |  21.2 |      17 |       1 |   5.6
   Depths:2 |    2248 |       0 |   0.0 |       3 |       0 |   0.0
   Depths:3 |   30886 |    1177 |   3.7 |      39 |       1 |   2.5
   Depths:4 |   12361 |    3553 |  22.3 |      13 |       4 |  23.5
      Zot:1 |   16759 |       0 |   0.0 |      11 |       0 |   0.0
      Zot:2 |    1743 |   10828 |  86.1 |       3 |      10 |  76.9
      Zot:3 |    9111 |       0 |   0.0 |       8 |       0 |   0.0
      Zot:4 |   20733 |       0 |   0.0 |      17 |       0 |   0.0
      Zot:5 |    4366 |    8531 |  66.1 |       4 |       5 |  55.6
    Abyss:1 |   10498 |       0 |   0.0 |      24 |       0 |   0.0
      Sewer |       0 |     248 | 100.0 |       0 |      37 | 100.0
     Bailey |       0 |    1558 | 100.0 |       0 |      30 | 100.0
      IceCv |       0 |    5112 | 100.0 |       0 |      13 | 100.0
            +---------+---------+-------+---------+---------+-------

Skill      XL: |  1  2  3  4  5  6  7  8  9 10 11 12 13 14 15 16 17 18 19 20 21 22 23 24 |
---------------+-------------------------------------------------------------------------+-----
Fighting       | 5 8 10 11 14 15 16 18 20 21 22 24 26 27 | 27.0
Axes           | 7 11 13 15 16 17 19 20 21 | 21.8
Evocations     | 3 7 10 12 | 12.8
Armour         | 3 5 6 10 12 | 12.0
Dodging        | 10 | 10.0
Shields        | 6 9 15 18 20 | 20.0
Maces & Flails | |  3.1

Action                     |  1- 3 |  4- 6 |  7- 9 | 10-12 | 13-15 | 16-18 | 19-21 | 22-24 || total
---------------------------+-------+-------+-------+-------+-------+-------+-------+-------++-------
  Melee: Short sword       |    92 |   144 |   291 |    11 |       |       |       |       ||   538
         Mace              |     5 |       |       |       |       |       |       |       ||     5
         Headbutt          |    20 |    22 |    86 |   112 |   178 |   228 |   196 |   370 ||  1212
         Punch             |     1 |     1 |     6 |     9 |     5 |       |       |       ||    22
         Flail             |       |       |   154 |   137 |     8 |       |       |       ||   299
         Broad axe         |       |       |       |   443 |   128 |       |   326 |  1184 ||  2081
         War axe           |       |       |       |       |    69 |       |       |       ||    69
         Battleaxe         |       |       |       |       |   561 |   970 |   391 |       ||  1922
         Kick              |       |       |       |       |    67 |   366 |   329 |   393 ||  1155
         Pseudopods        |       |       |       |       |       |       |       |   191 ||   191
  Throw: Dart              |       |       |     2 |     5 |       |       |       |       ||     7
 Invoke: Oozemancy         |       |       |       |       |       |       |       |     2 ||     2
  Evoke: Wand              |       |       |       |    15 |    11 |     3 |       |     9 ||    38
         Phantom mirror    |       |       |       |     1 |     3 |     1 |       |     1 ||     6
         Lightning rod     |       |       |       |       |     7 |     7 |     1 |     5 ||    20
         Condenser vane    |       |       |       |       |       |     2 |       |     2 ||     4
         Box of beasts     |       |       |       |       |       |     1 |     1 |     1 ||     3
    Use: Potion            |     2 |       |     1 |     7 |     7 |     7 |     4 |    21 ||    49
         Scroll            |       |     4 |    10 |     9 |    10 |     2 |    16 |    18 ||    69
   Stab: Sleeping          |     1 |       |     5 |     4 |     1 |       |       |       ||    11
         Confused          |       |       |     2 |       |       |       |     2 |    13 ||    17
         Paralysed         |       |       |       |    26 |     5 |     1 |       |       ||    32
         Petrified         |       |       |       |     4 |       |       |     3 |       ||     7
         Petrifying        |       |       |       |     1 |       |       |       |       ||     1
         Distracted        |       |       |       |       |       |       |     3 |     1 ||     4
         Invisible         |       |       |       |       |       |       |       |    12 ||    12
 Armour: Robe              |    47 |    64 |   159 |   130 |       |       |       |       ||   400
         Skin              |       |       |       |    21 |       |       |       |       ||    21
         Swamp dragon scal |       |       |       |   114 |   440 |   807 |   349 |   475 ||  2185
         Acid dragon scale |       |       |       |       |       |       |    57 |    11 ||    68
  Dodge: Dodged            |    33 |    86 |   402 |   470 |   482 |   716 |   362 |   335 ||  2886
  Block: Other             |     7 |    22 |   111 |   105 |   149 |   267 |    43 |       ||   704
         Reflection        |       |     2 |     2 |     1 |     7 |    14 |    30 |    68 ||   124
         Tower shield      |       |       |       |       |       |       |   290 |  1015 ||  1305

Illustrated notes

Table legend:
 A = Kills in this place as a percentage of kills in the entire game.
 B = Kills by you in this place as a percentage of kills by you in the entire game.
 C = Kills by friends in this place as a percentage of kills by friends in the entire game.
 D = Other kills in this place as a percentage of other kills in the entire game.
 E = Experience gained in this place as a percentage of experience gained in the entire game.
 F = Experience gained in this place divided by the number of levels of this place that you have seen.
                   A       B       C       D       E      F
               +-------+-------+-------+-------+-------+----------------------
         Total | 100.0 | 100.0 | 100.0 | 100.0 | 100.0 | 15167.7
       Dungeon |  24.8 |  24.9 |  18.8 |  16.7 |  10.8 | 6097.1
          Lair |  11.9 |  11.9 |  18.8 |   0.0 |   8.7 | 14831.8
        Shoals |   8.4 |   8.2 |  31.2 |   0.0 |  10.0 | 21299.5
   Spider Nest |  10.7 |  10.8 |   0.0 |   8.3 |  11.3 | 23939.5
    Slime Pits |   4.1 |   4.0 |  12.5 |   0.0 |   4.9 | 8387.4
  Orcish Mines |   7.5 |   7.5 |   6.2 |   0.0 |   2.7 | 11647.0
   Elven Halls |   7.6 |   7.5 |   6.2 |  16.7 |  13.0 | 36849.7
        Vaults |  11.9 |  12.0 |   0.0 |   8.3 |  19.0 | 40390.5
        Depths |   4.4 |   4.2 |   0.0 |  33.3 |   8.8 | 18610.5
           Zot |   3.2 |   3.2 |   0.0 |  16.7 |   8.7 | 14723.6
         Abyss |   1.3 |   1.3 |   0.0 |   0.0 |   1.2 | 10498.0
         Sewer |   2.0 |   2.0 |   0.0 |   0.0 |   0.0 | 248.0
        Bailey |   1.6 |   1.6 |   0.0 |   0.0 |   0.2 | 1558.0
      Ice Cave |   0.7 |   0.7 |   6.2 |   0.0 |   0.6 | 5112.0
               +-------+-------+-------+-------+-------+----------------------

Table legend: (Time is in decaauts)
 A = Elapsed time spent in this place.
 B = Non-inter-level travel time spent in this place.
 C = Inter-level travel time spent in this place.
 D = Time resting spent in this place.
 E = Time spent auto-exploring this place.
 F = Levels seen in this place.
 G = Mean time per level.
                   A        B        C        D        E       F      G
               +--------+--------+--------+--------+--------+-----+--------+
         Total |  57679 |  52123 |   5556 |  11455 |  30138 |  56 | 1030.0 |
       Dungeon |  17159 |  15021 |   2138 |   2192 |  10055 |  15 | 1143.9 |
        Temple |      1 |      1 |      0 |      0 |      0 |   1 |    1.0 |
          Lair |  11219 |   9900 |   1319 |   3215 |   5118 |   5 | 2243.8 |
        Shoals |   4808 |   4665 |    143 |   1311 |   2553 |   4 | 1202.0 |
   Spider Nest |   6719 |   6300 |    419 |   2019 |   3314 |   4 | 1679.8 |
    Slime Pits |   1135 |   1034 |    101 |    514 |     60 |   5 |  227.0 |
  Orcish Mines |   2529 |   2170 |    359 |    899 |    875 |   2 | 1264.5 |
   Elven Halls |   3197 |   2902 |    295 |    290 |   1808 |   3 | 1065.7 |
        Vaults |   5924 |   5455 |    469 |    588 |   3968 |   4 | 1481.0 |
        Depths |   2010 |   1844 |    166 |      0 |   1244 |   4 |  502.5 |
           Zot |   1258 |   1115 |    143 |    129 |    362 |   5 |  251.6 |
         Abyss |    515 |    515 |      0 |     43 |    336 |   1 |  515.0 |
         Sewer |    306 |    306 |      0 |      0 |    144 |   1 |  306.0 |
        Bailey |    735 |    735 |      0 |    159 |    301 |   1 |  735.0 |
      Ice Cave |    158 |    158 |      0 |     93 |      0 |   1 |  158.0 |
               +--------+--------+--------+--------+--------+-----+--------+

Top non-repeatable levels by time:
Spider:3: 2927 daAuts
  Lair:3: 2795 daAuts
  Lair:2: 2294 daAuts
  Lair:4: 2263 daAuts
  Lair:5: 2143 daAuts
Shoals:4: 2023 daAuts
    D:11: 1995 daAuts
Vaults:1: 1927 daAuts
  Lair:1: 1722 daAuts
   Orc:1: 1604 daAuts
Vaults:2: 1554 daAuts
Spider:1: 1473 daAuts
Vaults:3: 1357 daAuts
Spider:4: 1316 daAuts
   Elf:3: 1293 daAuts
